 Dungeon Crawl Stone Soup version 0.30.0 (webtiles) character file.

Game seed: 15841689142647882497

15805788 Draconius the Englaciator (level 27, 207/218 HPs)
             Began as a Gargoyle Ice Elementalist on May 24, 2023.
             Was the Champion of Vehumet.
             Escaped with the Orb
             ... and 15 runes on May 28, 2023!
             The game lasted 09:44:18 (99151 turns).

Draconius the Englaciator (GrIE)                   Turns: 99151, Time: 09:44:19

Health: 207/218    AC: 36    Str: 15    XL:     27
Magic:  57/57      EV: 30    Int: 55    God:    Vehumet [******]
Gold:   9854       SH: 20    Dex: 22    Spells: 2/80 levels left

rFire   + + +        J - staff of cold "Ajoitremp" {Drain rC+ Will- Int+8}
rCold   + + .        I - +5 kite shield {rC+}
rNeg    + + +        Z - +4 Cigotuvi's embrace {Corpsefed rMiasma Drain rN+}
rPois   ∞            Q - +2 helmet {Int+3}
rElec   +            G - scarf "Yciguot" {shadows, Int+3 Dex+5 Slay+2 Stlth-}
rCorr   .            N - +1 pair of gloves "Diocykyk" {rF++ Stlth+}
SInv    .            B - +1 pair of boots of the Playwright {rN+ Stlth+}
Will    ++...        A - amulet "Ofok" {Spirit Contam Rampage rF+++ Dex+6}
Stlth   +            r - ring of the Distant Future {Will+ Int+6}
HPRegen 0.56/turn    L - ring "Uhoann" {rPois MP+9 Int+5 Dex+2}
MPRegen 0.35/turn

%: guardian spirit, rampage
@: flying, studying 4 skills
A: sickness immunity, AC +20, big wings, negative energy resistance 1,
electricity resistance, torment resistance 1, petrification resistance, clever
1, low MP 1, robust 1, wild magic 1
0: Orb of Zot
}: 15/15 runes: serpentine, barnacled, slimy, silver, golden, iron, obsidian,
icy, bone, abyssal, demonic, glowing, magical, fiery, dark
a: Renounce Religion


You escaped.
You worshipped Vehumet.
Vehumet was exalted by your worship.
You visited 18 branches of the dungeon, and saw 88 of its levels.
You visited Pandemonium 1 time, and saw 16 of its levels.
You visited the Abyss 2 times.
You completed 1 ziggurat, and saw 27 of its levels.
You also visited: Ice Cave and Volcano.

You collected 16490 gold pieces.
You spent 6636 gold pieces at shops.

Inventory:

Armour
 B - the +1 pair of boots of the Playwright (worn) {rN+ Stlth+}
   (You found it on level 1 of the Crypt)

   rN:        It protects you from negative energy.
   Stlth:     It makes you more stealthy.
 G - the scarf "Yciguot" (worn) {shadows, Int+3 Dex+5 Slay+2 Stlth-}
   (You acquired it on level 4 of the Lair of Beasts)

   Int:       It affects your intelligence (+3).
   Dex:       It affects your dexterity (+5).
   Slay:      It affects your accuracy & damage with ranged weapons and melee
   (+2).
   Stlth:     It makes you less stealthy.
 I - a +5 kite shield of cold resistance (worn)
 K - a +2 helmet of see invisible
 N - the +1 pair of gloves "Diocykyk" (worn) {rF++ Stlth+}
   (You found it on level 9 of a ziggurat)

   rF:        It greatly protects you from fire.
   Stlth:     It makes you more stealthy.
 Q - a +2 helmet of intelligence (worn)
 R - the orb of Dispater {+Damnation *Corrode AC+5}
   (You took it off Dispater on level 7 of the Iron City of Dis)

   +Damnation: It grants the ability to hurl damnation at the cost of health and
   magic, with strength depending on Evocations skill.
   AC:        It affects your AC (+5).
   *Corrode:  It may corrode you when you take damage.
 Z - the +4 Cigotuvi's embrace (worn) {Corpsefed rMiasma Drain rN+}
   (You found it on level 9 of a ziggurat)

   Corpsefed: It gathers nearby corpses to temporarily increase the armour it
   provides.
   rMiasma:   It protects you from foul pestilence.
   rN:        It protects you from negative energy.
   Drain:     It drains your maximum health when unequipped.
Magical Staves
 J - the staff of cold "Ajoitremp" (weapon) {Drain rC+ Will- Int+8}
   (You found it on level 5 of a ziggurat)

   [staff of cold]

   Base accuracy: +5 Base damage: 5 Base attack delay: 1.2 This weapon's minimum
   attack delay (0.6) is reached at skill level 12.
   Int:       It affects your intelligence (+8).
   rC:        It protects you from cold.
   Drain:     It drains your maximum health when unequipped.
   Will:      It decreases your willpower.
   It falls into the 'Staves' category.
   It is a one-handed weapon.
Jewellery
 a - the amulet "Nyuluru" {RegenMP Str+4}
   (You took it off a deep elf master archer on level 3 of the Elven Halls)

   [amulet of magic regeneration]

   It increases your rate of magic regeneration.
   Str:       It affects your strength (+4).
 i - the ring of Moqun Huin {Fly rF+ rN+ EV+5 Int-5}
   (You found it on level 3 of the Tomb of the Ancients)

   [ring of evasion]

   EV:        It affects your evasion (+5).
   Int:       It affects your intelligence (-5).
   rF:        It protects you from fire.
   rN:        It protects you from negative energy.
   Fly:       It grants you flight.
 q - the ring "Ifeagann" {rPois rF- rC- Int+6 Stlth+}
   (You took it off a guardian mummy on level 1 of the Tomb of the Ancients)

   [ring of intelligence]

   Int:       It affects your intelligence (+6).
   rF:        It makes you vulnerable to fire.
   rC:        It makes you vulnerable to cold.
   rPois:     It protects you from poison.
   Stlth:     It makes you more stealthy.
 r - the ring of the Distant Future (left hand) {Will+ Int+6}
   (You found it on level 23 of a ziggurat)

   [ring of intelligence]

   Int:       It affects your intelligence (+6).
   Will:      It increases your willpower.
 A - the amulet "Ofok" (around neck) {Spirit Contam Rampage rF+++ Dex+6}
   (You took it off an ironbound preserver on level 5 of the Vaults)

   [amulet of guardian spirit]

   It causes incoming damage to be divided between your reserves of health and
   magic.
   Dex:       It affects your dexterity (+6).
   rF:        It renders you almost immune to fire.
   Contam:    It causes magical contamination when unequipped.
   Rampage:   It bestows one free step when moving towards enemies.
 L - the ring "Uhoann" (right hand) {rPois MP+9 Int+5 Dex+2}
   (You took it off a vault guard on level 2 of the Vaults)

   [ring of magical power]

   Int:       It affects your intelligence (+5).
   Dex:       It affects your dexterity (+2).
   rPois:     It protects you from poison.
   MP:        It affects your magic capacity (+9).
 M - a ring of wizardry
Wands
 h - a wand of mindburst (82)
 l - a wand of flame (212)
 y - a wand of digging (83)
 H - a wand of iceblast (125)
 Y - a wand of acid (61)
Scrolls
 d - 36 scrolls of teleportation
 e - 16 scrolls of poison
 f - 2 scrolls of magic mapping
 k - 29 scrolls of fog
 s - 17 scrolls of fear
 u - 4 scrolls of butterflies
 v - 12 scrolls of enchant armour
 w - 18 scrolls of vulnerability
 x - 7 scrolls of silence
 E - 7 scrolls of amnesia
 P - 5 scrolls of blinking
 V - 19 scrolls of immolation
Potions
 b - 2 potions of magic
 c - 7 potions of heal wounds
 g - 5 potions of berserk rage
 m - 18 potions of curing
 o - 6 potions of haste
 p - 4 potions of lignification
 z - 17 potions of mutation
 F - 9 potions of resistance
 O - 6 potions of brilliance
 S - 10 potions of cancellation
 W - 13 potions of might
 X - 2 potions of ambrosia
Miscellaneous
 j - a phantom mirror
 n - a box of beasts
 t - a lightning rod (4/4)
 C - the horn of Geryon
 D - 2 +1 figurines of a ziggurat
 T - a phial of floods


   Skills:
 O Level 27 Fighting
 - Level 7.0 Armour
 * Level 23.9 Dodging
 - Level 2.1 Stealth
 - Level 15.0 Shields
 O Level 27 Spellcasting
 - Level 4.0 Conjurations
 - Level 10.1 Summonings
 + Level 17.7 Necromancy
 - Level 12.0 Transmutations
 - Level 22.1 Fire Magic
 O Level 27 Ice Magic
 + Level 12.2 Air Magic
 O Level 27 Earth Magic
 - Level 4.0 Poison Magic
 - Level 13.0 Evocations


You had 2 spell levels left.
You knew the following spells:

 Your Spells              Type           Power      Damage    Failure   Level
a - Plasma Beam           Fire/Air       74%        2x1d99    1%          6
b - Borgnjor's Revivific  Necr           75%        N/A       2%          8
c - Ignition              Fire           80%        3d21      1%          8
d - Maxwell's Capacitive  Air            67%        ∞         4%          8
e - Infestation           Necr           75%        N/A       2%          8
f - Ozocubu's Refrigerat  Ice            98%        4d29      1%          7
h - Blink                 Tloc           100%       N/A       1%          2
j - Polar Vortex          Ice            98%        N/A       1%          9
k - Borgnjor's Vile Clut  Necr/Erth      80%        N/A       1%          5
l - Shatter               Erth           85%        3d61*     1%          9
m - Necromutation         Tmut/Necr      71%        N/A       6%          8

Your spell library contained the following spells:

 Spells                   Type           Power      Damage    Failure   Level
 Apportation              Tloc           100%       N/A       1%          1
 Beastly Appendage        Tmut           100%       N/A       1%          1
 Foxfire                  Conj/Fire      100%       2x1d9     1%          1
 Freeze                   Ice            100%       1d10      1%          1
 Kiss of Death            Conj/Necr      100%       2d13      1%          1
 Magic Dart               Conj           100%       1d8       1%          1
 Necrotise                Necr           100%       1d9       1%          1
 Sandblast                Erth           100%       2d20      1%          1
 Slow                     Hex            100%       N/A       1%          1
 Summon Small Mammal      Summ           100%       N/A       1%          1
 Call Imp                 Summ           100%       N/A       1%          2
 Lesser Beckoning         Tloc           100%       N/A       1%          2
 Momentum Strike          Conj/Tloc      100%       3d10      1%          2
 Passwall                 Tmut/Erth      100%       N/A       1%          2
 Poisonous Vapours        Pois/Air       100%       N/A       1%          2
 Scorch                   Fire           100%       2d9       1%          2
 Searing Ray              Conj           100%       2d8       1%          2
 Static Discharge         Conj/Air       100%       2-7/arc   1%          2
 Wereblood                Tmut           100%       N/A       1%          2
 Call Canine Familiar     Summ           100%       N/A       1%          3
 Confusing Touch          Hex            77%        N/A       1%          3
 Dazzling Flash           Conj/Hex       100%       N/A       1%          3
 Frozen Ramparts          Ice            100%       1d16      1%          3
 Gell's Gravitas          Tloc           77%        N/A       1%          3
 Hailstorm                Conj/Ice       100%       3d20      1%          3
 Ignite Poison            Fire/Tmut/Pois 100%       N/A       1%          3
 Inner Flame              Hex/Fire       100%       N/A       1%          3
 Mephitic Cloud           Conj/Pois/Air  100%       N/A       1%          3
 Ozocubu's Armour         Ice            100%       N/A       1%          3
 Portal Projectile        Hex/Tloc       100%       N/A       1%          3
 Spider Form              Tmut/Pois      100%       N/A       1%          3
 Stone Arrow              Conj/Erth      100%       3d13      1%          3
 Summon Guardian Golem    Hex/Summ       100%       N/A       1%          3
 Teleport Other           Tloc           77%        N/A       1%          3
 Tukima's Dance           Hex            77%        N/A       1%          3
 Vampiric Draining        Necr           100%       2d13      1%          3
 Vhi's Electric Charge    Tloc/Air       100%       N/A       1%          3
 Volatile Blastmotes      Fire/Tloc      100%       2d18      1%          3
 Airstrike                Air            67%        2d(10-26) 1%          4
 Anguish                  Hex/Necr       61%        N/A       1%          4
 Animate Armour           Summ/Erth      100%       N/A       1%          4
 Animate Dead             Necr           100%       N/A       1%          4
 Dispel Undead            Necr           100%       3d31      1%          4
 Flame Wave               Conj/Fire      100%       2d21      1%          4
 Fulminant Prism          Conj/Hex       45%        3d21      1%          4
 Ice Form                 Ice/Tmut       100%       N/A       1%          4
 Iskenderun's Mystic Bla  Conj/Tloc      90%        2d18      1%          4
 Leda's Liquefaction      Hex/Erth       69%        N/A       1%          4
 Petrify                  Tmut/Erth      100%       N/A       1%          4
 Sticky Flame             Conj/Fire      100%       2d11      1%          4
 Summon Ice Beast         Ice/Summ       100%       N/A       1%          4
 Summon Lightning Spire   Summ/Air       100%       N/A       1%          4
 Agony                    Necr           100%       N/A       1%          5
 Alistair's Intoxication  Tmut/Pois      79%        N/A       1%          5
 Arcjolt                  Conj/Air       59%        1d69      1%          5
 Blade Hands              Tmut           66%        N/A       1%          5
 Fireball                 Conj/Fire      68%        3d26      1%          5
 Freezing Cloud           Conj/Ice/Air   83%        6-21      1%          5
 Irradiate                Conj/Tmut      59%        3d31      1%          5
 Iskenderun's Battlesphe  Conj           100%       2d15      1%          5
 Lee's Rapid Deconstruct  Erth           85%        3d38*     1%          5
 Metabolic Englaciation   Hex/Ice        81%        N/A       1%          5
 Silence                  Hex/Air        55%        N/A       1%          5
 Summon Forest            Summ/Tloc      53%        N/A       1%          5
 Summon Mana Viper        Hex/Summ       100%       N/A       1%          5
 Yara's Violent Unravell  Hex/Tmut       55%        3d21      1%          5
 Conjure Ball Lightning   Conj/Air       59%        3x3d21    1%          6
 Death Channel            Necr           75%        N/A       1%          6
 Eringya's Noxious Bog    Tmut/Pois      59%        N/A       1%          6
 Iron Shot                Conj/Erth      72%        9d13      1%          6
 Simulacrum               Ice/Necr       93%        N/A       1%          6
 Starburst                Conj/Fire      68%        6d18      1%          6
 Summon Cactus Giant      Summ           63%        N/A       1%          6
 Haunt                    Necr/Summ      69%        N/A       1%          7
 Lehudib's Crystal Spear  Conj/Erth      72%        10d16     1%          8
 Dragon Form              Tmut           66%        N/A       2%          7
 Storm Form               Tmut/Air       66%        N/A       2%          7
 Cause Fear               Hex            38%        N/A       4%          4
 Manifold Assault         Tloc           77%        N/A       4%          4
 Passage of Golubria      Tloc           77%        N/A       4%          4
 Spellforged Servitor     Conj/Summ      57%        N/A       4%          7
 Monstrous Menagerie      Summ           63%        N/A       5%          7
 Summon Hydra             Summ           63%        N/A       5%          7
 Orb of Destruction       Conj           50%        9d13      13%         7
 Death's Door             Necr           75%        N/A       22%         9
 Summon Horrible Things   Summ           63%        N/A       32%         8
 Malign Gateway           Summ/Tloc      53%        N/A       34%         7
 Fire Storm               Conj/Fire      68%        8d17      34%         9
 Chain Lightning          Conj/Air       59%        3d79      90%         9
 Enfeeble                 Hex            38%        N/A       93%         7
 Dragon's Call            Summ           63%        N/A       99%         9
 Discord                  Hex            38%        N/A       100%        8
 Disjunction              Tloc           38%        N/A       100%        8
 Cigotuvi's Dreadful Rot  Necr/Pois/Air  Unusable   N/A       N/A         2
 Sublimation of Blood     Necr           Unusable   N/A       N/A         2
 Statue Form              Tmut/Erth      Unusable   N/A       N/A         6

Dungeon Overview and Level Annotations

Branches:
Dungeon (15/15)            Temple (1/1) D:4            Lair (5/5) D:10
 Shoals (4/4) Lair:2        Snake (4/4) Lair:3        Slime (5/5) Lair:4
    Orc (2/2) D:12            Elf (3/3) Orc:2        Vaults (5/5) D:14
  Crypt (3/3) Vaults:3       Tomb (3/3) Crypt:3      Depths (4/4) D:15
   Hell (visited)             Dis (7/7) Hell            Geh (7/7) Hell
    Coc (7/7) Hell            Tar (7/7) Hell            Zot (5/5) Depths:4
  IceCv (visited)         Volcano (visited)

Altars:
Ashenzari
Cheibriados
Dithmenos
Elyvilon
Fedhas
Gozag
Hepliaklqana
Kikubaaqudgha
Makhleb
Nemelex Xobeh
Okawaru
Qazlal
Ru
Sif Muna
Trog
Uskayaw
Vehumet
Wu Jian
Xom
Yredelemnul
Zin
The Shining One

Shops:
D:6 *   D:14 ([:   Orc:1 ?   Orc:2 :?[*   Elf:2 (   Elf:3 !=![   Shoals:2 [**[
Snake:2 ?:   Snake:4 [*   Vaults:1 *   Vaults:4 (   Depths:4 !

Portals:
Hell: Depths:1 Depths:2 Depths:3 Depths:4
Abyss: Depths:2 Depths:3
Pandemonium: Orc:2 Depths:1 Depths:2 Depths:3

Annotations:
D:3 1 runed translucent door, 333guts333's ghost, amateur MiFi
D:6 1 runed translucent door, Sarlacc's ghost, novice MiBe
Elf:2 1 runed translucent door
Vaults:1 2 transporters, theMacoje's ghost, adept OgHs


Innate Abilities, Weirdness & Mutations

You are immune to sickness and miasma.
Your stone body is resilient. (AC +20)
You are immune to poison.
Your large and strong wings let you fly.
You resist negative energy. (rN+)
You are resistant to electric shocks. (rElec)
You are resistant to unholy torment.
You are immune to petrification.
Your mind is acute. (Int +4, Str/Dex -1)
Your magical capacity is low. (-10% MP)
You are robust. (+10% HP)
Your spells are a little harder to cast, but a little more powerful.


Message History

You fly upwards.
Level annotation: 1 runed translucent door, 333guts333's ghost, amateur MiFi
There is a stone staircase leading down here.
A hellwing and 3 smoke demons come into view.
The smoke demon roars!
The smoke demon moves out of view. x2
There is a stone staircase leading up here.
You fly upwards.
There is a stone staircase leading down here.
You see here a +0 spear.
There is an open door here.
There is an open door here.
Your extra speed is starting to run out.
There is an open door here.
You feel yourself slow down.
There is an escape hatch in the ceiling here.
A mysterious force pulls you upwards. The hatch slams shut behind you.
An Ice Fiend comes into view.
Casting: Shatter (mildly dangerous; 1% risk of failure)
Confirm with . or Enter, or press ? or * to list all spells.
You begin accumulating electric charge. (Press . to continue charging.)
You feel charge building up...
You feel charge building up... The Ice Fiend gestures at you.
The bolt of cold hits you but does no damage.
You resist.
You feel charge building up...
The Ice Fiend calls on the powers of darkness!
Your body is wracked with pain!
The electricity discharges through the Ice Fiend!!!!
The Ice Fiend vaporises in an electric haze!
You kill the Ice Fiend!
Vehumet accepts your kill.
You feel your power returning.
Magic restored.
There is an open door here.
There is an open door here.
There is a staircase leading out of the dungeon here.
You have escaped!

#........##.#..######..##....#
#........##.#..........###.#.#
#........##.##.#####...# #.#.#
#........##.##.# #...# #.#.#
#........##.##.# #...# #.#.#
#........#..##.# #...# #.#.###
########################
###.... ##.........## #....
#..♣..@..♣..# #.###
##.........## #.# #####
#####'##### ######.#
##...######...######...####
#.......................#
#..⌠........⌠........⌠..#
#.......................#
##...######..(######...##
##'## ##>## ##'##


There were no monsters in sight!

Vanquished Creatures
  Cerebov (Pan)
  Antaeus (Coc:7)
  Asmodeus (Geh:7)
  Dissolution (Slime:4)
  the Royal Jelly (Slime:5)
  Gloorx Vloq (Pan)
  Lom Lobon (Pan)
  Mnoleg (Pan)
  10 dread liches
  Dispater (Dis:7)
  9 orbs of fire (Zot:5)
  11 ancient liches
  5 juggernauts
  17 royal mummies
  Josephina (Crypt:2)
  8 Killer Klowns
  17 shard shrikes
  The ghost of Dameikh the Hoplite, a veteran FoFi of Nemelex Xobeh (Depths:2)
  Bai Suzhen (Vaults:2)
  Saint Roka (Elf:3)
  Margery (Crypt:3)
  3 curse toes
  Vashnia (Snake:4)
  Geryon (Hell)
  Jory (Crypt:3)
  38 caustic shrikes
  15 golden dragons
  7 profane servitors
  7 doom hounds
  7 Tzitzimimeh
  9 pandemonium lords
  9 iron giants
  19 bone dragons
  16 Brimstone Fiends
  16 hellephants
  4 electric golems
  Jorgrun (D:14)
  8 tainted leviathans
  14 Ice Fiends
  6 liches
  17 tentacled monstrosities
  16 deep elf master archers
  26 Orb Guardians
  33 Hell Sentinels
  11 deep elf blademasters
  7 quicksilver dragons
  9 titans
  25 Executioners
  29 acid blobs
  24 searing wretches
  8 death cobs
  34 ancient champions
  A kraken (Shoals:2)
  Agnes (D:14)
  12 sphinxes
  7 tentacled starspawn
  4 tengu reavers
  The ghost of 333guts333 the Fencer, an adept MiGl of Okawaru (Elf:1)
  Donald (Elf:3)
  9 shadow dragons
  Roxanne (Elf:3)
  13 narguns
  18 draconian monks
  4 nagarajas
  20 rockslimes
  16 draconian knights
  19 frost giants
  9 revenants
  19 azure jellies
  29 fire giants
  An azure jelly (shapeshifter) (Zig:9)
  15 storm dragons
  25 vault wardens
  5 demonspawn warmongers
  3 daevas
  8 quicksilver elementals
  10 deep elf sorcerers
  23 draconian scorchers
  A juggernaut zombie (Crypt:3)
  11 shard shrike simulacra
  6 iron dragons
  10 curse skulls
  Louise (Shoals:1)
  Aizul (Vaults:1)
  2 orc warlords
  9 ghost moths
  6 ghouls
  10 draconian shifters
  35 balrugs
  A spriggan defender (Depths:4)
  7 deep elf elementalists
  20 reapers
  9 cacodemons
  9 demonspawn blood saints
  12 draconian annihilators
  13 draconian stormcallers
  24 stone giants
  An angel (Zig:16)
  4 ironbound thunderhulks
  16 ironbound preservers
  2 ophanim
  The ghost of Mallanif the Martial Artist, a journeyman GnTm of Ashenzari (D:13)
  12 demonspawn corrupters
  30 war gargoyles
  19 quicksilver oozes
  A caustic shrike skeleton (Tomb:1)
  50 very ugly things
  18 vampire knights
  17 elemental wellsprings
  16 lorocyprocas
  14 deep elf demonologists
  A spectral titan (Tar:5)
  17 white draconians
  21 yellow draconians
  22 black draconians
  20 red draconians
  8 demonspawn black suns
  6 bennus (Tomb:3)
  17 green draconians
  23 dire elephants
  The ghost of Ceyroiss the Quickloader, a journeyman HuWn of Dithmenos (Lair:4)
  5 putrid mouths
  10 deep elf annihilators
  6 purple draconians
  13 wendigos
  4 spark wasps (Depths:2)
  11 eidola
  10 ettins
  20 iron golems
  The ghost of HunfridMar the Eclecticist, a journeyman DECj of Vehumet (Lair:4)
  An acid blob zombie (Crypt:3)
  8 green deaths
  14 deep elf death magi
  18 blizzard demons
  11 merfolk impalers
  5 entropy weavers
  21 jiangshi
  2 spriggan zombies
  6 fire dragons
  25 merfolk javelineers
  An ettin (shapeshifter) (Depths:2)
  20 mummy priests
  A great orb of eyes (shapeshifter) (Vaults:5)
  19 yaktaur captains
  17 ice dragons
  2 rakshasas
  The ghost of dontdoit the Ruffian, a journeyman AtVM of Sif Muna (D:10)
  A fenstrider witch zombie (Crypt:3)
  13 great orbs of eyes
  A spectral spriggan (Tar:1)
  10 deep elf high priests
  A spriggan skeleton (Pan)
  13 salamander tyrants
  24 hydras
  A ragged hierophant (Vaults:2)
  Erolcha (D:11)
  8 ironbound frosthearts
  12 caustic shrike simulacra
  4 hell beasts
  A peacekeeper (Vaults:4)
  4 two-headed ogres
  46 vault guards
  4 juggernaut simulacra
  3 spriggan air magi (Depths:4)
  7 merfolk avatars
  9 anacondas
  9 merfolk aquamancers
  17 centaur warriors
  3 alligator snapping turtles
  2 death knights
  3 demonspawn (Orc:2)
  8 catoblepae
  37 dancing weapons
  73 death scarabs
  4 stokers
  9 death yaks
  2 deep troll shamans
  12 satyrs
  8 boulder beetles
  4 tengu warriors
  A spectral dire elephant (Tar:1)
  17 naga warriors
  36 hell hogs
  A titan zombie (Crypt:3)
  8 orc high priests
  5 deep troll earth magi
  17 vampire magi
  Urug (Lair:5)
  A spectral naga (Tar:1)
  25 naga sharpshooters
  7 shock serpents
  5 thrashing horrors
  6 hell knights (Crypt:3)
  A quicksilver ooze zombie (Crypt:1)
  2 storm dragon zombies (Crypt:3)
  The ghost of cpf86 the Thaumaturge, a novice DjFE of Makhleb (D:8)
  24 deep elf knights
  A titan skeleton (Tomb:1)
  11 wretched stars
  A holy swine (Pan)
  45 sun demons
  15 crystal echidnas
  5 skysharks
  2 spriggan berserkers (Depths:4)
  12 soul eaters
  13 sixfirhies
  20 sea snakes
  2 spectral bunyips
  A pharaoh ant (Zig:4)
  6 salamander mystics
  A spectral anaconda (Tar:2)
  An anaconda zombie (Hell)
  6 iron trolls
  36 skeletal warriors
  An orb spider (Zig:4)
  3 golden dragon zombies (Crypt:3)
  A quicksilver dragon simulacrum (Zig:17)
  3 spatial maelstroms
  13 shadow wraiths
  4 spriggan druids
  7 naga ritualists
  9 shadow demons
  A cherub (D:13)
  13 glowing orange brains
  22 ironbound convokers
  5 lindwurms
  6 bog bodies
  33 deep trolls
  15 phantasmal warriors
  7 flayed ghosts
  A kraken simulacrum (Shoals:4)
  An obsidian statue (Zot:5)
  A shadow dragon zombie (Crypt:3)
  2 anaconda skeletons (Pan)
  13 deep elf archers
  15 wizards
  37 large abominations
  8 necromancers
  36 harpies
  34 deep elf zephyrmancers
  A steelbarb worm (Zig:4)
  A fenstrider witch simulacrum (Coc:1)
  A sphinx zombie (Zig:5)
  34 deep elf pyromancers
  5 orc knights
  A stone giant zombie (Crypt:3)
  An iron dragon zombie (Tomb:3)
  26 manticores
  23 fauns
  A shadow dragon skeleton (Tomb:1)
  25 ugly things
  11 shining eyes
  18 cyclopes
  A manticore (shapeshifter) (Vaults:5)
  5 mana vipers
  18 salamanders
  A spectral centaur (Tar:1)
  34 moths of wrath
  14 elephants
  7 merfolk sirens
  A will-o-the-wisp (Abyss:5)
  A worldbinder (Abyss:3)
  An elephant (shapeshifter) (Zig:9)
  34 black mambas
  A guardian serpent (shapeshifter) (Vaults:5)
  5 toenail golems (Volcano)
  5 apocalypse crabs
  5 titan simulacra
  10 orc sorcerers
  4 guardian serpents
  10 molten gargoyles
  7 rust devils
  18 orange demons
  29 smoke demons
  22 naga magi
  A naga zombie (Abyss:3)
  24 vault sentinels
  A dire elephant zombie (Tomb:1)
  3 centaur skeletons
  4 centaur zombies
  6 eyes of devastation
  A black draconian zombie (Crypt:2)
  10 demonic crawlers
  8 ice statues
  18 water nymphs
  8 torpor snails
  Psyche (D:8)
  2 naga skeletons (Crypt:3)
  10 freezing wraiths
  A yaktaur zombie (Vaults:4)
  3 unseen horrors
  36 cane toads
  10 efreet
  An alligator snapping turtle skeleton (Pan)
  23 hellions
  27 komodo dragons
  4 kobold demonologists
  2 sea snake zombies (Hell)
  27 yaktaurs
  A red draconian zombie (Crypt:1)
  7 ancient zymes
  A bunyip simulacrum (Coc:1)
  16 tormentors
  15 rime drakes
  A golden dragon simulacrum (Hell)
  57 guardian mummies
  7 anaconda simulacra
  A sea snake skeleton (Crypt:3)
  6 ice devils
  2 iron giant simulacra
  2 harpy zombies (Crypt:3)
  67 merfolk
  A purple draconian skeleton (Crypt:2)
  6 red devils
  3 spectral harpies
  13 trolls
  5 meliai (Abyss:3)
  A merfolk (shapeshifter) (Vaults:4)
  A wind drake (shapeshifter) (D:15)
  6 polar bears
  A queen bee (Abyss:3)
  16 hellwings
  10 raiju
  2 tarantellas (shapeshifter)
  A queen bee (shapeshifter) (D:8)
  A shadow dragon simulacrum (Coc:1)
  A sphinx simulacrum (Zig:17)
  A blink frog (shapeshifter) (Vaults:5)
  Prince Ribbit (D:5)
  4 hornets
  A hydra skeleton (Hell)
  6 dream sheep
  19 blink frogs
  4 harpy skeletons
  2 saltlings (Vaults:2)
  A spectral meliai (D:10)
  5 wind drakes
  An alligator zombie (Hell)
  18 snapping turtles
  An ettin zombie (Vaults:4)
  A culicivora zombie (Crypt:2)
  A jumping spider (shapeshifter) (Abyss:3)
  2 stone giant simulacra
  A raiju (shapeshifter) (Vaults:5)
  Sigmund (D:2)
  2 centaur simulacra (D:10)
  3 shadows
  A culicivora (Vaults:2)
  11 water elementals
  2 air elementals
  An ettin skeleton (Pan)
  15 flying skulls
  100 slime creatures
  24 ynoxinuls
  A jumping spider (Vaults:1)
  A slime creature (shapeshifter) (Depths:1)
  21 vampires (Crypt:3)
  A culicivora (shapeshifter) (Elf:2)
  A spriggan (shapeshifter) (D:11)
  A spriggan (Depths:4)
  5 dire elephant simulacra
  7 wyverns
  A tyrant leech zombie (Crypt:2)
  25 starcursed masses
  11 wraiths
  7 ushabtiu
  11 golden eyes
  73 yaks
  19 humans (D:14)
  2 death yak simulacra (IceCv)
  7 basilisks
  4 chaos spawn
  24 neqoxecs
  3 fire elementals
  4 redbacks
  A sea snake simulacrum (Hell)
  A redback (shapeshifter) (Zig:3)
  20 vampire mosquitoes
  12 harpy simulacra
  10 wargs
  A spatial vortex (Abyss:3)
  60 nagas
  A warg (shapeshifter) (D:8)
  42 water moccasins
  4 hell hounds (Hell)
  3 hydra simulacra
  A two-headed ogre skeleton (Crypt:1)
  3 floating eyes
  A fire bat skeleton (Crypt:1)
  45 orc warriors
  A sky beast (D:7)
  A meliai simulacrum (D:10)
  A blink frog zombie (Crypt:3)
  3 ice beasts (Zig:17)
  A hog zombie (Crypt:3)
  6 ettin simulacra
  18 centaurs
  31 wolves
  20 ogres
  12 boggarts
  A swamp dragon skeleton (Pan)
  8 kobold brigands
  A bullfrog (shapeshifter) (Abyss:3)
  5 small abominations
  7 bullfrogs
  An elf zombie (Crypt:3)
  An elf skeleton (Crypt:2)
  A gnoll sergeant (D:10)
  3 cane toad simulacra (IceCv)
  4 earth elementals
  A komodo dragon skeleton (Crypt:1)
  3 scorpions
  A glowing shapeshifter simulacrum (Vaults:4)
  2 necrophages (Crypt:1)
  11 two-headed ogre simulacra
  6 wights
  A wyvern skeleton (Crypt:3)
  2 elephant simulacra (IceCv)
  12 killer bees
  A raiju skeleton (Crypt:2)
  6 electric eels
  2 howler monkeys (D:7)
  11 crimson imps
  A quasit (Abyss:3)
  A hound (D:4)
  A basilisk zombie (Crypt:1)
  2 gnoll boudas
  22 orc priests
  2 sleepcaps
  10 orc wizards
  3 iguanas
  A hell rat (Zig:26)
  A boggart skeleton (D:15)
  2 polar bear simulacra
  12 spriggan simulacra
  8 troll simulacra
  A tengu skeleton (Crypt:2)
  A boggart simulacrum (D:15)
  18 mummies
  14 gnolls
  A steam dragon zombie (Crypt:1)
  7 naga simulacra
  An adder (shapeshifter) (Vaults:4)
  3 adders (D:2)
  7 white imps
  4 ufetubi (IceCv)
  A jelly zombie (Crypt:2)
  11 worms
  A dart slug (D:3)
  54 orcs
  10 ball pythons
  5 bats
  14 endoplasms
  7 giant cockroaches
  8 goblins
  6 hobgoblins
  4 quokkas
  3 frilled lizards
  A giant cockroach zombie (Crypt:3)
  41 kobolds
  An orc zombie (Crypt:1)
  3 rats
  3 ball lightnings (Pan)
  A bush (Lair:5)
  5 creeping infernos
  28 fire vortices
  2 lurking horrors (Abyss:3)
  3 starspawn tentacles
  4 tentacles (Shoals:2)
4593 creatures vanquished.

Vanquished Creatures (others)
  Nikola (Shoals:3)
  An eldritch tentacle (Pan)
  A shard shrike simulacrum (Coc:6)
  A draconian stormcaller (Zot:5)
  A black draconian (Zot:3)
  A juggernaut simulacrum (Coc:7)
  A manticore (Lair:5)
  A dire elephant simulacrum (Coc:3)
  A neqoxec (Pan)
  An ufetubus (IceCv)
  A fire vortex (Pan)
  17 fungi
  A lurking horror (Abyss:5)
  248 plants
  3 starspawn tentacles
  3 tentacles (Shoals:4)
  6 withered plants (Lair:4)
289 creatures vanquished.

Grand Total: 4882 creatures vanquished

Notes
Turn   | Place    | Note
-------+----------+-------------------------------------------
     0 | D:1      | Draconius the Gargoyle Ice Elementalist began the quest for
                  | the Orb.
     0 | D:1      | Reached XP level 1. HP: 10/10 MP: 3/3
   224 | D:1      | Reached XP level 2. HP: 15/15 MP: 3/5
   769 | D:1      | Reached XP level 3. HP: 18/19 MP: 3/6
   853 | D:1      | Learned a level 3 spell: Frozen Ramparts
  1247 | D:2      | Reached skill level 5 in Ice Magic
  1249 | D:2      | Reached skill level 1 in Shields
  1405 | D:2      | Reached XP level 4. HP: 24/24 MP: 7/7
  1447 | D:2      | Noticed Sigmund
  2197 | D:3      | Found an iron altar of Okawaru.
  2415 | D:3      | Found a runed translucent door.
  2443 | D:3      | Noticed 333guts333's ghost (amateur MiFi)
  2535 | D:3      | Reached skill level 1 in Fighting
  2716 | D:3      | Learned a level 3 spell: Ozocubu's Armour
  2736 | D:4      | Noticed an ogre
  2736 | D:4      | Found a radiant altar of Vehumet.
  2801 | D:3      | Reached XP level 5. HP: 19/29 MP: 6/8
  3256 | D:4      | Reached XP level 6. HP: 31/35 MP: 3/9
  3493 | D:4      | Found a white marble altar of Elyvilon.
  3493 | D:4      | Found a sparkling altar of Nemelex Xobeh.
  3637 | D:4      | Found a staircase to the Ecumenical Temple.
  3686 | Temple   | Entered the Ecumenical Temple
  4100 | D:4      | Became a worshipper of Vehumet
  4121 | D:4      | You fall into a shaft and drop 2 floors!
  4127 | D:6      | Got the Handbook of Coordinates and Blight
  4197 | D:6      | Found Fuep's Assorted Antiques.
  4217 | D:5      | Entered Level 5 of the Dungeon
  4323 | D:5      | Reached XP level 7. HP: 36/40 MP: 5/11
  4459 | D:5      | Found a glowing golden altar of the Shining One.
  4636 | D:5      | Reached skill level 1 in Armour
  4792 | D:5      | Noticed Prince Ribbit
  4801 | D:5      | Killed Prince Ribbit
  5000 | D:2      | Killed Sigmund
  5001 | D:2      | Reached XP level 8. HP: 44/46 MP: 3/13
  5377 | D:6      | Noticed Sarlacc's ghost (novice MiBe)
  5386 | D:6      | Found a runed translucent door.
  5990 | D:7      | Reached skill level 1 in Conjurations
  6128 | D:7      | Noticed a wyvern
  6131 | D:7      | Killed a wyvern
  6238 | D:7      | Reached * piety under Vehumet
  6238 | D:7      | Offered knowledge of Magic Dart by Vehumet.
  6377 | D:7      | Reached XP level 9. HP: 46/52 MP: 12/15
  7007 | D:8      | Noticed Psyche
  7024 | D:8      | Killed Psyche
  7025 | D:8      | Reached skill level 5 in Fighting
  7025 | D:8      | Reached skill level 5 in Shields
  7025 | D:8      | Reached skill level 1 in Earth Magic
  7112 | D:8      | Noticed a hornet
  7114 | D:8      | Noticed a manticore
  7117 | D:8      | Killed a hornet
  7121 | D:8      | Killed a manticore
  7468 | D:8      | Offered knowledge of Scorch by Vehumet.
  7468 | D:8      | Reached ** piety under Vehumet
  7471 | D:8      | Reached skill level 5 in Spellcasting
  7478 | D:8      | Reached skill level 1 in Poison Magic
  7655 | D:8      | Found a runed translucent gate.
  7661 | D:8      | Found a runed translucent gate.
  7661 | D:8      | Found a runed translucent gate.
  7665 | D:8      | Noticed a brown ugly thing
  7665 | D:8      | Noticed a white ugly thing
  7682 | D:8      | Noticed a white ugly thing
  7684 | D:8      | Noticed a glowing orange brain
  7853 | D:9      | Reached XP level 10. HP: 60/60 MP: 12/17
  7857 | D:9      | Reached skill level 1 in Air Magic
  8007 | D:9      | Noticed a kobold demonologist
  8007 | D:9      | Noticed a kobold demonologist
  8011 | D:9      | Killed a kobold demonologist
  8019 | D:9      | Offered knowledge of Searing Ray by Vehumet.
  8019 | D:9      | Killed a kobold demonologist
  8397 | D:9      | Reached skill level 10 in Ice Magic
  8431 | D:9      | Reached *** piety under Vehumet
  8629 | D:9      | Found a broken altar of Ashenzari.
  8927 | D:9      | Learned a level 3 spell: Mephitic Cloud
  8928 | D:10     | Entered Level 10 of the Dungeon
  8956 | D:10     | Noticed a kobold demonologist
  8971 | D:10     | Killed a kobold demonologist
  8989 | D:10     | Reached XP level 11. HP: 66/66 MP: 9/19
  9049 | D:10     | Offered knowledge of Hailstorm by Vehumet.
  9117 | D:10     | Found a runed translucent gate.
  9144 | D:10     | Found a runed translucent gate.
  9158 | D:10     | Found a runed translucent gate.
  9312 | D:10     | Found a staircase to the Lair.
  9491 | D:10     | You fall into a shaft and drop 1 floor!
  9523 | D:11     | Noticed a two-headed ogre
  9544 | D:11     | Killed a two-headed ogre
  9806 | D:10     | Noticed dontdoit's ghost (journeyman AtVM)
 10045 | Lair:1   | Entered Level 1 of the Lair of Beasts
 10077 | Lair:1   | Learned a level 3 spell: Ignite Poison
 10309 | Lair:1   | Reached **** piety under Vehumet
 10336 | Lair:1   | Offered knowledge of Airstrike by Vehumet.
 10339 | Lair:1   | Reached skill level 1 in Fire Magic
 10347 | Lair:1   | Learned a level 7 spell: Ozocubu's Refrigeration
 10367 | Lair:1   | Reached skill level 1 in Transmutations
 10528 | Lair:1   | Found a dark tunnel.
 10536 | Volcano  | Entered a volcano
 10548 | Volcano  | Noticed a wizard
 10554 | Volcano  | Killed a wizard
 10554 | Volcano  | Noticed a wizard
 10561 | Volcano  | Noticed a wizard
 10562 | Volcano  | Killed a wizard
 10572 | Volcano  | Killed a wizard
 10573 | Volcano  | Reached XP level 12. HP: 71/73 MP: 4/22
 11924 | Lair:2   | Found a staircase to the Shoals.
 12330 | Lair:2   | Reached ***** piety under Vehumet
 12332 | Lair:2   | Offered knowledge of Fireball by Vehumet.
 12358 | Lair:2   | Learned a level 5 spell: Fireball
 12806 | Lair:3   | Found an opulent altar of Gozag.
 12900 | Lair:3   | Noticed a seven-headed hydra
 12903 | Lair:3   | Reached XP level 13. HP: 73/80 MP: 14/24
 13264 | Lair:3   | Found a staircase to the Snake Pit.
 14044 | Lair:4   | Noticed an azure jelly
 14044 | Lair:4   | Noticed an azure jelly
 14044 | Lair:4   | Noticed an azure jelly
 14044 | Lair:4   | Found a runed translucent door.
 14044 | Lair:4   | Found a staircase to the Slime Pits.
 14220 | Lair:4   | Found a runed translucent gate.
 14221 | Lair:4   | Found a runed translucent gate.
 14223 | Lair:4   | Found a runed translucent gate.
 14242 | Lair:4   | Reached skill level 10 in Fighting
 14400 | Lair:4   | Reached skill level 10 in Shields
 14412 | Lair:4   | Learned a level 5 spell: Freezing Cloud
 14502 | Lair:4   | Noticed HunfridMar's ghost (journeyman DECj)
 14503 | Lair:4   | Noticed Ceyroiss's ghost (journeyman HuWn)
 15128 | Lair:5   | Entered Level 5 of the Lair of Beasts
 15320 | Lair:5   | Reached skill level 5 in Fire Magic
 16024 | Lair:5   | Gained mutation: Your large and strong wings let you fly.
                  | [Gargoyle growth]
 16024 | Lair:5   | Reached XP level 14. HP: 63/88 MP: 3/27
 16190 | Lair:5   | Reached skill level 10 in Spellcasting
 16277 | Lair:5   | Offered knowledge of Flame Wave by Vehumet.
 16681 | Lair:5   | Noticed a dire elephant
 16720 | Lair:5   | Killed a dire elephant
 16833 | Lair:5   | Identified the +5 arbalest of Shrieking Terror {elec,
                  | +Blink rC+}
 16953 | Lair:5   | Noticed Urug
 16968 | Lair:5   | Killed Urug
 17723 | Lair:4   | Killed HunfridMar's ghost
 17739 | Lair:4   | Killed Ceyroiss's ghost
 17771 | Lair:4   | Identified a scroll of acquirement
 17772 | Lair:4   | Acquired the scarf "Yciguot" {shadows, Int+3 Dex+5 Slay+2
                  | Stlth-}
 18069 | D:6      | Bought a scroll of identify for 54 gold pieces
 18303 | D:8      | Found a runed translucent gate.
 18303 | D:8      | Found a runed translucent gate.
 18306 | D:8      | Found a runed translucent gate.
 18307 | D:8      | Noticed cpf86's ghost (novice DjFE)
 18360 | D:8      | Killed cpf86's ghost
 18387 | D:8      | Gained mutation: You occasionally lose the ability to drink
                  | potions when taking damage. [mutagenic glow]
 18622 | D:10     | Killed dontdoit's ghost
 18904 | D:11     | Noticed Erolcha
 18908 | D:11     | Killed Erolcha
 19471 | D:12     | Learned a level 3 spell: Stone Arrow
 19597 | D:12     | Got the Elucidation of Red Cryomancy
 19651 | D:12     | Found a staircase to the Orcish Mines.
 20253 | D:13     | Reached XP level 15. HP: 62/96 MP: 20/30
 20573 | D:13     | Found a runed translucent door.
 20573 | D:13     | Noticed Mallanif's ghost (journeyman GnTm)
 21034 | D:13     | Killed Mallanif's ghost
 21186 | D:14     | Noticed Agnes
 21191 | D:14     | Killed Agnes
 21332 | D:14     | Offered knowledge of Eringya's Noxious Bog by Vehumet.
 21359 | D:14     | Reached skill level 15 in Ice Magic
 21413 | D:14     | Found Esaib's Book Boutique.
 21444 | D:14     | Found Awuankeh's Weapon Shop.
 22167 | D:14     | Noticed Jorgrun
 22175 | D:14     | Killed Jorgrun
 22490 | D:14     | Found a shadowy altar of Dithmenos.
 22500 | D:14     | Found Loaryme's Armour Shoppe.
 22617 | D:14     | Found a white marble altar of Elyvilon.
 22803 | D:14     | Found a gate to the Vaults.
 22866 | D:15     | Entered Level 15 of the Dungeon
 23241 | D:15     | Acquired 853 gold pieces
 23354 | D:15     | Offered knowledge of Spellforged Servitor by Vehumet.
 23417 | D:15     | Found a staircase to the Depths.
 23674 | D:15     | Reached XP level 16. HP: 104/104 MP: 12/33
 23922 | Orc:1    | Entered Level 1 of the Orcish Mines
 23994 | Orc:1    | Found Qulep's Magic Scroll Boutique.
 23997 | Orc:1    | Bought a scroll of enchant armour for 75 gold pieces
 23997 | Orc:1    | Bought a scroll of identify for 20 gold pieces
 23997 | Orc:1    | Bought a scroll of identify for 20 gold pieces
 23997 | Orc:1    | Bought a scroll of identify for 20 gold pieces
 23997 | Orc:1    | Bought a scroll of identify for 20 gold pieces
 24057 | Orc:2    | Entered Level 2 of the Orcish Mines
 24200 | Orc:2    | Found a staircase to the Elven Halls.
 24218 | Orc:1    | Found a frozen archway.
 24260 | IceCv    | Entered an ice cave
 24711 | IceCv    | Offered knowledge of Iron Shot by Vehumet.
 24909 | IceCv    | Learned a level 9 spell: Polar Vortex
 25068 | IceCv    | Identified the staff of death "Qyelowi" {rF+ rN+ Int+3
                  | Dex-3}
 25119 | IceCv    | Identified the +9 long sword of Wonderful Action {elec,
                  | rCorr}
 25978 | Orc:2    | Found Biwoacit's Magic Scroll Boutique.
 26076 | Orc:2    | Found Ruhoohoz's General Store.
 26152 | Orc:2    | Bought a scroll of magic mapping for 112 gold pieces
 26152 | Orc:2    | Bought a potion of curing for 45 gold pieces
 26322 | Orc:2    | Offered knowledge of Plasma Beam by Vehumet.
 26898 | Orc:2    | Found Catt's Book Shoppe.
 26898 | Orc:2    | Found Enurghar's Antique Armour Emporium.
 26899 | Orc:2    | Found a one-way gate leading to the halls of Pandemonium.
 26901 | Orc:2    | Bought a book of Death for 660 gold pieces
 26901 | Orc:2    | Bought a manual of Dodging for 1200 gold pieces
 26911 | Orc:2    | Learned a level 6 spell: Plasma Beam
 27177 | Snake:1  | Entered Level 1 of the Snake Pit
 28492 | Snake:2  | Reached XP level 17. HP: 104/111 MP: 28/35
 28565 | Snake:2  | Identified the +5 tower shield of Cugyc {rPois Int+2}
 28771 | Snake:2  | Found Umuicaq's Book Shoppe.
 28771 | Snake:2  | Found Keige's Magic Scroll Emporium.
 28779 | Snake:2  | Bought a book of Spatial Translocations for 306 gold pieces
 28779 | Snake:2  | Bought Sif Muna's Parchment of the Plateau and Sciomancy
                  | for 578 gold pieces
 28785 | Snake:2  | Bought a scroll of enchant armour for 97 gold pieces
 28789 | Snake:2  | Learned a level 2 spell: Blink
 30235 | Snake:3  | Reached skill level 5 in Dodging
 30364 | Snake:3  | Reached ****** piety under Vehumet
 30439 | Snake:3  | Offered knowledge of Ignition by Vehumet.
 31226 | Snake:4  | Entered Level 4 of the Snake Pit
 31409 | Snake:4  | Found Wietun's Antique Armour Boutique.
 31590 | Snake:4  | Reached skill level 15 in Fighting
 31750 | Snake:4  | Reached XP level 18. HP: 119/119 MP: 26/36
 31797 | Snake:4  | Offered knowledge of Lehudib's Crystal Spear by Vehumet.
 31797 | Snake:4  | Offered knowledge of Fire Storm by Vehumet.
 31797 | Snake:4  | Offered knowledge of Chain Lightning by Vehumet.
 31886 | Snake:4  | Noticed Vashnia
 31889 | Snake:4  | Reached skill level 15 in Spellcasting
 31915 | Snake:4  | Killed Vashnia
 32002 | Snake:4  | Got a serpentine rune of Zot
 32198 | Snake:4  | Found Qinaenl Boug's CLEARANCE SALE!.
 32460 | Shoals:1 | Entered Level 1 of the Shoals
 32546 | Lair:2   | Lost mutation: You occasionally lose the ability to drink
                  | potions when taking damage. [potion of mutation]
 32546 | Lair:2   | Gained mutation: You are frail. (-10% HP) [potion of
                  | mutation]
 32547 | Lair:2   | Lost mutation: You are frail. (-10% HP) [potion of
                  | mutation]
 32547 | Lair:2   | Gained mutation: You possess an exceptional clarity of
                  | mind. [potion of mutation]
 32547 | Lair:2   | Gained mutation: You occasionally shout uncontrollably at
                  | your foes. [potion of mutation]
 32547 | Lair:2   | Lost mutation: You possess an exceptional clarity of mind.
                  | [potion of mutation]
 32547 | Lair:2   | Gained mutation: You have a pair of small horns on your
                  | head. [potion of mutation]
 32548 | Lair:2   | Lost mutation: You have a pair of small horns on your head.
                  | [potion of mutation]
 32548 | Lair:2   | Lost mutation: You occasionally shout uncontrollably at
                  | your foes. [potion of mutation]
 32548 | Lair:2   | Gained mutation: You are frail. (-10% HP) [potion of
                  | mutation]
 32548 | Lair:2   | Gained mutation: You passively map a small area around you.
                  | [potion of mutation]
 32548 | Lair:2   | Gained mutation: You are agile. (Dex +4, Str/Int -1)
                  | [potion of mutation]
 32549 | Lair:2   | Lost mutation: You are frail. (-10% HP) [potion of
                  | mutation]
 32549 | Lair:2   | Lost mutation: You passively map a small area around you.
                  | [potion of mutation]
 32549 | Lair:2   | Gained mutation: Your skin changes colour to match your
                  | surroundings (Stealth+). [potion of mutation]
 32549 | Lair:2   | Gained mutation: You are partially covered in large bone
                  | plates. (SH +4) [potion of mutation]
 32587 | Shoals:1 | Identified the +7 shortbow "Zirezxid" {flame, *Corrode
                  | Fragile Str+4}
 32889 | Shoals:1 | Noticed Louise
 32895 | Shoals:1 | Killed Louise
 33969 | Shoals:2 | Found Zutoph's General Store.
 34091 | Shoals:2 | Found Vyme's Antique Armour Emporium.
 34189 | Shoals:2 | Bought a shiny kite shield for 277 gold pieces
 34276 | Shoals:2 | Found Litexu's Armour Shop.
 34433 | Shoals:2 | Found Nepp's Assorted Antiques.
 34628 | Shoals:3 | Noticed Nikola
 34635 | Shoals:3 | Killed Nikola
 36036 | Shoals:4 | Entered Level 4 of the Shoals
 36281 | Shoals:4 | Got a barnacled rune of Zot
 36296 | Shoals:4 | Reached XP level 19. HP: 124/125 MP: 38/38
 36928 | Shoals:4 | Identified the +2 ring mail of the Gate {Contam rC- rCorr
                  | Int+8}
 37755 | Vaults:1 | Entered Level 1 of the Vaults
 38183 | Vaults:1 | Noticed Aizul
 38191 | Vaults:1 | Killed Aizul
 38496 | Vaults:1 | Found Zucvug's General Store.
 38499 | Vaults:1 | Bought a phantom mirror for 600 gold pieces
 38598 | Vaults:1 | Found a transporter.
 38603 | Vaults:1 | Noticed theMacoje's ghost (adept OgHs)
 38609 | Vaults:1 | Found a transporter.
 40057 | Vaults:2 | Noticed Bai Suzhen
 40280 | Vaults:2 | Killed Bai Suzhen
 40575 | Vaults:2 | Reached XP level 20. HP: 120/133 MP: 21/40
 41462 | Vaults:2 | Identified the ring "Uhoann" {rPois MP+9 Int+5 Dex+2}
 42148 | Vaults:3 | Identified the +5 tower shield of Edetzer {Str+4}
 42753 | Vaults:3 | Noticed a bone dragon
 42765 | Vaults:3 | Killed a bone dragon
 42795 | Vaults:3 | Found a staircase to the Crypt.
 43564 | Crypt:1  | Entered Level 1 of the Crypt
 43589 | Crypt:1  | Identified the +1 pair of boots of the Playwright {rN+
                  | Stlth+}
 43966 | Crypt:1  | Reached XP level 21. HP: 72/140 MP: 41/41
 44899 | Crypt:2  | Reached skill level 15 in Shields
 45309 | Crypt:2  | Identified the ring of the Jumping Gods {Ice rElec rN+
                  | Dex-4}
 45309 | Crypt:2  | Noticed Josephina
 45333 | Crypt:2  | Killed Josephina
 46327 | Crypt:3  | Entered Level 3 of the Crypt
 46751 | Crypt:3  | Noticed Jory
 46754 | Crypt:3  | Paralysed by a vampire knight for 3 turns
 46759 | Crypt:3  | Paralysed by something for 3 turns
 46770 | Crypt:3  | Killed Jory
 47011 | Crypt:3  | Got Hoecheas's Reference Book on Foggy Support
 47401 | Crypt:3  | Noticed Margery
 47412 | Crypt:3  | Killed Margery
 47556 | Crypt:3  | Found a staircase to the Tomb.
 48083 | Crypt:3  | Got Meeqedwero's Grimoire of Trauma and Toxicants
 48090 | Crypt:3  | Learned a level 5 spell: Borgnjor's Vile Clutch
 48171 | Crypt:3  | Found the +5 scythe "Finisher" {speed, execute}
 48482 | Crypt:3  | Reached XP level 22. HP: 148/148 MP: 42/43
 48719 | Vaults:4 | Reached skill level 1 in Necromancy
 49193 | Vaults:4 | Found Halobom's Antique Weapon Emporium.
 49947 | Vaults:4 | Reached skill level 5 in Earth Magic
 50645 | Depths:1 | Entered Level 1 of the Depths
 50645 | Depths:1 | Found a gateway to Hell.
 50941 | Depths:1 | Found a shimmering altar of Xom.
 51246 | Depths:1 | Found a sacrificial altar of Ru.
 51520 | Depths:2 | Noticed a golden dragon
 51522 | Depths:2 | Noticed a golden dragon
 51801 | Depths:2 | Noticed Dameikh's ghost (veteran FoFi)
 51891 | Depths:2 | Reached skill level 5 in Transmutations
 52061 | Depths:2 | Found a one-way gate to the infinite horrors of the Abyss.
 52089 | Depths:2 | Reached XP level 23. HP: 138/155 MP: 45/45
 52304 | Depths:2 | Found a runed translucent gate.
 52304 | Depths:2 | Found a runed translucent gate.
 52304 | Depths:2 | Found a runed translucent gate.
 52305 | Depths:2 | Noticed a caustic shrike
 52317 | Depths:2 | Noticed a caustic shrike
 52333 | Depths:2 | a shadow dragon changed into a caustic shrike
 52333 | Depths:2 | Noticed a caustic shrike (glowing shapeshifter)
 52334 | Depths:2 | a caustic shrike changed into a shadow dragon
 53633 | Depths:3 | Reached skill level 10 in Dodging
 53690 | Depths:3 | Reached skill level 5 in Necromancy
 53734 | Depths:3 | Identified the amulet of Macsugia {Acrobat Rampage rPois
                  | rCorr Int+5}
 53912 | Depths:3 | Noticed a golden dragon
 53934 | Depths:3 | Killed a golden dragon
 54687 | Depths:4 | Entered Level 4 of the Depths
 55777 | Depths:4 | Found a broken altar of Ashenzari.
 55931 | Depths:4 | Found a gate to the Realm of Zot.
 56188 | Depths:4 | Found Nacvib's Distillery.
 56195 | Depths:4 | Bought a potion of brilliance for 68 gold pieces
 56195 | Depths:4 | Bought a potion of heal wounds for 85 gold pieces
 56195 | Depths:4 | Bought a potion of heal wounds for 85 gold pieces
 56207 | Depths:4 | Found a one-way gateway to a ziggurat.
 56590 | Orc:2    | Bought a Necronomicon for 840 gold pieces
 56643 | Elf:1    | Entered Level 1 of the Elven Halls
 57126 | Elf:1    | Found a transporter.
 57126 | Elf:1    | Found a transporter.
 57126 | Elf:1    | Noticed 333guts333's ghost (adept MiGl)
 57153 | Elf:1    | Reached XP level 24. HP: 161/164 MP: 47/47
 57155 | Elf:1    | Killed 333guts333's ghost
 58026 | Elf:2    | Found Rusmay's Antique Weapon Shop.
 58178 | Elf:2    | Found a runed translucent door.
 58203 | Elf:2    | Found a runed translucent door.
 58949 | Elf:3    | Entered Level 3 of the Elven Halls
 58972 | Elf:3    | Noticed Saint Roka
 58984 | Elf:3    | Killed Saint Roka
 59112 | Elf:3    | Found Ofemubb's Distillery.
 59119 | Elf:3    | Bought a potion of magic for 144 gold pieces
 59119 | Elf:3    | Bought a potion of heal wounds for 90 gold pieces
 59119 | Elf:3    | Bought a potion of heal wounds for 90 gold pieces
 59119 | Elf:3    | Bought a potion of heal wounds for 90 gold pieces
 59214 | Elf:3    | Found Dotwanom's Antique Armour Shop.
 59215 | Elf:3    | Found Akor's Distillery.
 59219 | Elf:3    | Found Syis's Jewellery Shop.
 59536 | Elf:3    | Identified the +8 war axe "Testudineslayer" {heavy, Str+6}
 59611 | Elf:3    | Identified the +3 morningstar "Lomarghu" {flame, Fly Dex+6
                  | Stlth+}
 59652 | Elf:3    | Identified the amulet "Nyuluru" {RegenMP Str+4}
 59668 | Elf:3    | Identified the ring "Ran Ucat" {rElec Str+6 Int+2 Dex+2}
 59735 | Elf:3    | Identified the staff of cold "Karukuf" {Fragile rElec rC+
                  | Will+}
 59849 | Elf:3    | Got Roxanne's Quarto of Cleavage
 59860 | Elf:3    | Learned a level 9 spell: Shatter
 59864 | Elf:3    | Identified the +3 ring mail of a ziggurat {-Cast rPois
                  | Str+3 Slay+5}
 59865 | Elf:3    | Identified the staff of conjuration "Venod" {rElec rN+
                  | Dex-3 Stlth+}
 59914 | Elf:3    | Found the +2 hat of the Bear Spirit {Spirit, Bear, *Rage
                  | Will++}
 60119 | Elf:3    | Noticed Donald
 60122 | Elf:3    | Killed Donald
 60147 | Elf:3    | Identified Roxanne's Notes on Terrain
 60147 | Elf:3    | Noticed Roxanne
 60193 | Elf:3    | Killed Roxanne
 60931 | Hell     | Entered the Vestibule of Hell
 60931 | Hell     | Noticed Geryon
 60937 | Hell     | Killed Geryon
 60938 | Hell     | Reached skill level 10 in Necromancy
 61023 | Depths:1 | Gained mutation: You occasionally shout uncontrollably at
                  | your foes. [mutagenic glow]
 61033 | Depths:1 | Lost mutation: You are partially covered in large bone
                  | plates. (SH +4) [mutagenic glow]
 61071 | Depths:1 | Gained mutation: Your magical capacity is low. (-10% MP)
                  | [mutagenic glow]
 61072 | Depths:1 | Lost mutation: You occasionally shout uncontrollably at
                  | your foes. [potion of mutation]
 61072 | Depths:1 | Lost mutation: Your magical capacity is low. (-10% MP)
                  | [potion of mutation]
 61072 | Depths:1 | Lost mutation: You are agile. (Dex +4, Str/Int -1) [potion
                  | of mutation]
 61072 | Depths:1 | Gained mutation: You are dopey. (Int -2) [potion of
                  | mutation]
 61072 | Depths:1 | Gained mutation: You have a pair of small antennae on your
                  | head. [potion of mutation]
 61072 | Depths:1 | Gained mutation: You occasionally shout uncontrollably at
                  | your foes. [potion of mutation]
 61073 | Depths:1 | Lost mutation: You occasionally shout uncontrollably at
                  | your foes. [potion of mutation]
 61073 | Depths:1 | Lost mutation: You have a pair of small antennae on your
                  | head. [potion of mutation]
 61073 | Depths:1 | Gained mutation: You are clumsy. (Dex -2) [potion of
                  | mutation]
 61073 | Depths:1 | Lost mutation: You are clumsy. (Dex -2) [potion of
                  | mutation]
 61073 | Depths:1 | Gained mutation: You are strong-willed. (Will+) [potion of
                  | mutation]
 61073 | Depths:1 | Lost mutation: You are dopey. (Int -2) [potion of mutation]
 62445 | Vaults:5 | Entered Level 5 of the Vaults
 62448 | Vaults:5 | Noticed an ancient lich
 62449 | Vaults:5 | Reached XP level 25. HP: 171/171 MP: 47/47
 62456 | Vaults:5 | Killed an ancient lich
 62488 | Vaults:5 | Noticed a dread lich
 62496 | Vaults:5 | Killed a dread lich
 62521 | Vaults:5 | Identified the +6 dire flail "Amygun" {protect, rF++}
 62553 | Vaults:5 | Identified the ring of Usenulost {Int+3 Slay+4}
 62555 | Vaults:5 | Noticed a dread lich
 62560 | Vaults:5 | Paralysed by a dread lich for 3 turns
 62562 | Vaults:5 | Killed a dread lich
 62563 | Vaults:5 | Reached skill level 10 in Earth Magic
 63490 | Vaults:5 | Got a silver rune of Zot
 63763 | Vaults:5 | Identified the amulet "Keegiofa" {Faith Fragile Regen+
                  | Dex+3}
 63821 | Vaults:5 | Identified the amulet "Ofok" {Spirit Contam Rampage rF+++
                  | Dex+6}
 63854 | Vaults:5 | Identified the orb of Divine Compulsion {mayhem, rF+}
 64085 | Vaults:5 | Identified the staff of earth "Ihyv" {rElec rPois rC+ rN+}
 64086 | Vaults:5 | Identified the ring of Neucrun {*Corrode rN+ Int+6 Dex+6}
 64283 | Vaults:5 | Learned a level 8 spell: Necromutation
 65272 | Zot:1    | Entered Level 1 of the Realm of Zot
 65510 | Zot:1    | Reached XP level 26. HP: 179/179 MP: 43/48
 66612 | Zot:1    | You are sucked into a shaft and drop 1 floor!
 66749 | Zot:2    | Noticed a Killer Klown
 68070 | Zot:2    | Killed a Killer Klown
 69026 | Zot:3    | Reached skill level 15 in Earth Magic
 70072 | Zot:3    | Reached XP level 27. HP: 179/186 MP: 41/48
 71535 | Zot:5    | Entered Level 5 of the Realm of Zot
 71847 | Zot:5    | Reached skill level 5 in Armour
 72334 | Zot:5    | Noticed an ancient lich
 72352 | Zot:5    | Killed an ancient lich
 72464 | Zot:5    | Noticed an ancient lich
 72474 | Zot:5    | Noticed an orb of fire
 72477 | Zot:5    | Noticed an orb of fire
 73273 | Hell     | Found a gateway to the freezing wastes of Cocytus.
 73404 | Hell     | Gained mutation: You have hidden genetic defects. [a
                  | cacodemon]
 73531 | Hell     | Found a gateway to the ashen valley of Gehenna.
 73727 | Hell     | Found a gateway to the decaying netherworld of Tartarus.
 73933 | Hell     | Found a gateway to the Iron City of Dis.
 74727 | Depths:2 | Killed Dameikh's ghost
 74861 | Zig:1    | Entered Level 1 of a ziggurat
 74900 | Zig:2    | Entered Level 2 of a ziggurat
 74944 | Zig:3    | Entered Level 3 of a ziggurat
 74959 | Zig:3    | Gained mutation: You are occasionally teleported next to
                  | monsters. [hidden defects]
 74975 | Zig:3    | Lost mutation: You are strong-willed. (Will+) [potion of
                  | mutation]
 74975 | Zig:3    | Lost mutation: Your skin changes colour to match your
                  | surroundings (Stealth+). [potion of mutation]
 74975 | Zig:3    | Gained mutation: You are vulnerable to cold. (rC-) [potion
                  | of mutation]
 74975 | Zig:3    | Gained mutation: You are dopey. (Int -2) [potion of
                  | mutation]
 74975 | Zig:3    | Gained mutation: You possess an exceptional clarity of
                  | mind. [potion of mutation]
 74976 | Zig:3    | Lost mutation: You are occasionally teleported next to
                  | monsters. [potion of mutation]
 74976 | Zig:3    | Lost mutation: You possess an exceptional clarity of mind.
                  | [potion of mutation]
 74976 | Zig:3    | Lost mutation: You have hidden genetic defects. [potion of
                  | mutation]
 74976 | Zig:3    | Gained mutation: You have a pair of small horns on your
                  | head. [potion of mutation]
 74976 | Zig:3    | Gained mutation: You are frail. (-10% HP) [potion of
                  | mutation]
 74976 | Zig:3    | Lost mutation: You are frail. (-10% HP) [potion of
                  | mutation]
 74977 | Zig:3    | Lost mutation: You are dopey. (Int -2) [potion of mutation]
 74977 | Zig:3    | Lost mutation: You are vulnerable to cold. (rC-) [potion of
                  | mutation]
 74977 | Zig:3    | Lost mutation: You have a pair of small horns on your head.
                  | [potion of mutation]
 74977 | Zig:3    | Gained mutation: Your magical capacity is low. (-10% MP)
                  | [potion of mutation]
 74977 | Zig:3    | Gained mutation: You are agile. (Dex +4, Str/Int -1)
                  | [potion of mutation]
 75013 | Zig:4    | Entered Level 4 of a ziggurat
 75042 | Zig:5    | Entered Level 5 of a ziggurat
 75069 | Zig:5    | Identified the +2 robe of Pomeivar {rC+ rN+ Int-4 Stlth+}
 75070 | Zig:5    | Identified the staff of cold "Ajoitremp" {Drain rC+ Will-
                  | Int+8}
 75104 | Zig:6    | Entered Level 6 of a ziggurat
 75110 | Zig:6    | Noticed a dread lich
 75114 | Zig:6    | Killed a dread lich
 75147 | Zig:6    | Learned a level 8 spell: Borgnjor's Revivification
 75209 | Zig:7    | Entered Level 7 of a ziggurat
 75216 | Zig:7    | Noticed a juggernaut
 75220 | Zig:7    | Killed a juggernaut
 75299 | Zig:7    | Identified the staff of air "Dadghur" {rElec rPois rC+}
 75305 | Zig:8    | Entered Level 8 of a ziggurat
 75339 | Zig:8    | Got Experienced Theurgy
 75343 | Zig:8    | Identified the +6 shortbow "Askuegau" {freeze, rF++ Str-4}
 75365 | Zig:9    | Entered Level 9 of a ziggurat
 75370 | Zig:9    | Noticed Fake Toepi the pandemonium lord
 75375 | Zig:9    | Killed Fake Toepi the pandemonium lord
 75472 | Zig:9    | Found the +4 Cigotuvi's embrace {Corpsefed rMiasma Drain
                  | rN+}
 75485 | Zig:9    | Identified the +2 trident of the Mouth {flame, Will+ Dex+2}
 75488 | Zig:9    | Identified the +1 pair of gloves "Diocykyk" {rF++ Stlth+}
 75547 | Zig:10   | Entered Level 10 of a ziggurat
 75570 | Zig:10   | Identified the staff of cold "Baidd" {rC+ rN+ MP+9 Str+3}
 75577 | Zig:10   | Identified the +4 scale mail of Xuipank {Regen+ Str+5
                  | Dex+5}
 75597 | Zig:11   | Entered Level 11 of a ziggurat
 75618 | Zig:11   | Identified the +9 war axe "Icsuamot" {spect, rPois Str+4
                  | Int-2}
 75628 | Zig:11   | Identified the +3 ring mail "Erret" {*Slow Fly rPois SInv}
 75635 | Zig:11   | Identified the +2 troll leather armour of Rugru {Harm
                  | +Blink rF- Regen+ Stlth+}
 75683 | Zig:12   | Entered Level 12 of a ziggurat
 75698 | Zig:12   | Reached skill level 10 in Transmutations
 75736 | Zig:12   | Identified the +0 ring mail of Circular Logic {rPois rF++
                  | rN+++ Str-3}
 75741 | Zig:12   | Identified the +5 triple sword of the Ring {speed, Drain
                  | rElec rCorr Str+3}
 75747 | Zig:12   | Got the Quarto of the Cold Coals
 75852 | Zig:12   | Reached skill level 15 in Necromancy
 75853 | Zig:12   | Lost mutation: Your magical capacity is low. (-10% MP)
                  | [potion of mutation]
 75853 | Zig:12   | Lost mutation: You are agile. (Dex +4, Str/Int -1) [potion
                  | of mutation]
 75853 | Zig:12   | Gained mutation: Your mind is acute. (Int +4, Str/Dex -1)
                  | [potion of mutation]
 75853 | Zig:12   | Gained mutation: Your spells are a little harder to cast,
                  | but a little more powerful. [potion of mutation]
 75859 | Zig:13   | Entered Level 13 of a ziggurat
 75936 | Zig:13   | Identified the +6 glaive of the Wilderness {flame, +Blink}
 75990 | Zig:13   | Learned a level 8 spell: Maxwell's Capacitive Coupling
 75992 | Zig:14   | Entered Level 14 of a ziggurat
 76006 | Zig:14   | Noticed a juggernaut
 76007 | Zig:14   | Noticed a juggernaut
 76009 | Zig:14   | Noticed a juggernaut
 76011 | Zig:14   | Killed a juggernaut
 76011 | Zig:14   | Killed a juggernaut
 76012 | Zig:14   | Killed a juggernaut
 76057 | Zig:14   | Identified the +9 arbalest "Zung" {flame, rC+ Will+}
 76059 | Zig:14   | Got the Vellum of Exothermic Blight
 76062 | Zig:14   | Identified the +0 longbow "Dotruutu" {flame, rF++}
 76073 | Zig:14   | Identified the +6 demon whip of Freehold {pain, rPois Str+4
                  | Int+4}
 76074 | Zig:14   | Identified the orb of Helay {light, *Corrode rElec Dex+8}
 76075 | Zig:14   | Identified the +0 battleaxe "Oleconen" {pain, rElec rC-
                  | Stlth+}
 76121 | Zig:15   | Entered Level 15 of a ziggurat
 76135 | Zig:15   | Reached skill level 5 in Air Magic
 76147 | Zig:15   | Found the +3 giant club "Skullcrusher" {speed, Str+7}
 76262 | Zig:15   | Identified the +3 whip "Tianutap" {distort, +Blink rPois
                  | rN+++ Str-3}
 76272 | Zig:15   | Identified the +10 glaive "Saexeix" {heavy, rCorr Dex+3}
 76274 | Zig:15   | Identified the staff of earth "Waizinit" {rN+++ Will- Dex-2
                  | Stlth+}
 76276 | Zig:15   | Identified the +6 long sword of Cus Wyhyr {flame, rF+++}
 76321 | Zig:16   | Entered Level 16 of a ziggurat
 76337 | Zig:16   | Identified the +1 tower shield of Beauty {rCorr}
 76430 | Zig:16   | Identified the +2 halberd of the Screaming Penguin {flame,
                  | rElec rF+ Dex+2}
 76449 | Zig:16   | Identified the staff of poison "Dukedos" {Fragile rPois
                  | rF++ Dex+4}
 76459 | Zig:16   | Identified the ring "Byusm" {Ice rElec Dex+2}
 76510 | Zig:17   | Entered Level 17 of a ziggurat
 76680 | Zig:17   | Identified the +11 flail of Fate {freeze, Int+4}
 76685 | Zig:17   | Identified the +0 cloak of the Trout {Contam Harm Int-2
                  | Dex+7}
 76697 | Zig:17   | Identified the staff of conjuration "Gaivvah" {rElec Int+3}
 76746 | Zig:18   | Entered Level 18 of a ziggurat
 76763 | Zig:18   | Noticed a dread lich
 76765 | Zig:18   | Killed a dread lich
 76767 | Zig:18   | Noticed an ancient lich
 76770 | Zig:18   | Reached skill level 10 in Air Magic
 76770 | Zig:18   | Killed an ancient lich
 76795 | Zig:18   | Identified the +1 robe of the Heavens {Will+ Dex+3 Slay-6}
 76804 | Zig:18   | Identified the ring of Kaism {rPois rN+ Str+4 Dex+2 SInv}
 76811 | Zig:18   | Identified the staff of conjuration "Pavohid" {Dex+4 SInv
                  | Stlth-}
 76863 | Zig:19   | Entered Level 19 of a ziggurat
 76875 | Zig:19   | Noticed a dread lich
 76876 | Zig:19   | Killed a dread lich
 76877 | Zig:19   | Noticed an ancient lich
 76878 | Zig:19   | Killed an ancient lich
 76878 | Zig:19   | Noticed an ancient lich
 76881 | Zig:19   | Killed an ancient lich
 76991 | Zig:19   | Identified the staff of air "Tozudo" {rElec rF+ Will++}
 76996 | Zig:19   | Identified the +3 hat of Ignis's Envy {rPois}
 76998 | Zig:19   | Acquired 997 gold pieces
 77006 | Zig:19   | Identified the ring "Tifebes" {*Slow rF- rCorr Int+3 Dex+6}
 77008 | Zig:19   | Identified the +0 chain mail "Etivuaqi" {Fly rElec Str-3}
 77082 | Zig:20   | Entered Level 20 of a ziggurat
 77100 | Zig:20   | Noticed Wemutith the pandemonium lord
 77103 | Zig:20   | Killed Wemutith the pandemonium lord
 77249 | Zig:20   | Found the necklace of Bloodlust {Fury *Rage Will++ Int-3
                  | Slay+6}
 77257 | Zig:20   | Identified the +3 leather armour of Hangman {Rampage
                  | *Corrode Str+4 Dex+3}
 77269 | Zig:20   | Identified the +7 morningstar "Gadupam" {elec, rN+}
 77274 | Zig:20   | Identified the +2 whip "Tegecemi" {vamp, Will++ Dex+4}
 77341 | Zig:21   | Entered Level 21 of a ziggurat
 77449 | Zig:21   | Identified the staff of cold "Tabbest" {rC+ Will- Int+3}
 77451 | Zig:21   | Acquired 670 gold pieces
 77456 | Zig:21   | Identified the ring of Vuahym {+Blink rN+ Will+}
 77457 | Zig:21   | Identified the +0 dagger of Exhibitionism {venom, Fragile
                  | rPois rF+++ MP-9}
 77461 | Zig:21   | Identified the staff of death "Cureas" {rF++ rN+ Str-3
                  | Dex+4}
 77467 | Zig:21   | Identified the staff of fire "Dusyrem" {*Corrode rF+ Will+
                  | Dex+3}
 77468 | Zig:21   | Identified the +3 plate armour of Beogh's Castigation
                  | {rPois Int+3}
 77475 | Zig:21   | Identified the +4 quarterstaff of the Spectre {flame, rF-
                  | Dex+6}
 77561 | Zig:22   | Entered Level 22 of a ziggurat
 77659 | Zig:22   | Identified the +7 rapier of the Skies Above {freeze, rElec
                  | rPois rN++ Dex-2}
 77662 | Zig:22   | Identified the +1 rapier of Puqoatwo {drain, rElec Dex+3}
 77666 | Zig:22   | Identified the +4 halberd of Devotion {antimagic, rF+ Dex+3
                  | SInv Stlth-}
 77778 | Zig:22   | Learned a level 8 spell: Infestation
 77782 | Zig:23   | Entered Level 23 of a ziggurat
 77944 | Zig:23   | Identified the +1 ring mail "Suhetit" {Regen+ Dex-2 Stlth+}
 77945 | Zig:23   | Identified the ring of the Distant Future {Will+ Int+6}
 77949 | Zig:23   | Identified the +10 flail of Beogh's Hope {flame, Fragile
                  | Int+4}
 77969 | Zig:23   | Identified the staff of cold "Gaecraipt" {rC+ Int+2 Stlth+}
 77970 | Zig:23   | Identified the +3 war axe "Rireuboz" {venom, rC- Str+5
                  | Dex+5}
 78002 | Zig:24   | Entered Level 24 of a ziggurat
 78035 | Zig:24   | Found the +5 Lochaber axe {reach-cleave, Poleaxe Drain}
 78038 | Zig:24   | Found the +8 longbow "Zephyr" {speed, Dex+3 SInv}
 78078 | Zig:24   | Identified the +3 war axe of Wounding {flame, rElec Dex+3}
 78091 | Zig:24   | Identified the staff of death "Bachamn" {rC+ rN+}
 78195 | Zig:25   | Entered Level 25 of a ziggurat
 78254 | Zig:25   | Reached skill level 27 in Ice Magic
 78269 | Zig:25   | Identified the +1 shortbow of the Pill Bug {freeze, Str+3}
 78271 | Zig:25   | Identified the staff of fire "Fuxtasm" {rElec rF+ Int+2
                  | Dex+4}
 78277 | Zig:25   | Identified the +5 sling "Lifebane" {speed, rF+ rN+}
 78377 | Zig:26   | Entered Level 26 of a ziggurat
 78399 | Zig:26   | Reached skill level 1 in Evocations
 78414 | Zig:26   | Found the +8 Vampire's Tooth {megavamp}
 78513 | Zig:26   | Identified the staff of cold "Qesch" {rC+ MP+9}
 78518 | Zig:26   | Identified the +3 scimitar "Ucluko" {flame, rPois rCorr
                  | Str+2}
 78522 | Zig:26   | Reached skill level 5 in Evocations
 78530 | Zig:26   | Identified the +0 trident of Ofocse {holy, Contam Str+3
                  | Dex+3}
 78534 | Zig:26   | Identified the ring "Faonneh" {rPois rCorr Int-3 Dex+5
                  | Slay+3}
 78541 | Zig:26   | Identified the +0 robe "Xeygon" {rF+}
 78554 | Zig:26   | Identified the +2 steam dragon scales of Gravitas {+Blink}
 78670 | Zig:27   | Entered Level 27 of a ziggurat
 78706 | Zig:27   | Reached skill level 1 in Summonings
 78839 | Zig:27   | Got the Verses on Ashes
 78853 | Zig:27   | Identified the +6 halberd of the Realm of Zot {vamp,
                  | Fragile rC++ SInv}
 78868 | Zig:27   | Identified the +7 mace of Accord {elec, rC+}
 78871 | Zig:27   | Identified the +0 plate armour of the Beloved God {rPois
                  | Will++ Regen+ Stlth+}
 79137 | Zot:5    | Killed an ancient lich
 79142 | Zot:5    | Killed an orb of fire
 79238 | Zot:5    | Noticed an orb of fire
 79244 | Zot:5    | Noticed an orb of fire
 79246 | Zot:5    | Killed an orb of fire
 79248 | Zot:5    | Noticed an orb of fire
 79251 | Zot:5    | Killed an orb of fire
 79256 | Zot:5    | Killed an orb of fire
 79525 | Zot:5    | Noticed a dread lich
 79529 | Zot:5    | Killed a dread lich
 79535 | Zot:5    | Killed an orb of fire
 79567 | Zot:5    | Noticed an orb of fire
 79569 | Zot:5    | Noticed an orb of fire
 79573 | Zot:5    | Killed an orb of fire
 79576 | Zot:5    | Noticed an orb of fire
 79582 | Zot:5    | Killed an orb of fire
 79604 | Zot:5    | Gained mutation: You are robust. (+10% HP) [mutagenic glow]
 79641 | Zot:5    | Gained mutation: Your magical capacity is low. (-10% MP)
                  | [mutagenic glow]
 79742 | Zot:5    | Killed an orb of fire
 79743 | Zot:5    | Reached skill level 5 in Summonings
 79822 | Zot:5    | Noticed an orb of fire
 79878 | Zot:5    | Killed an orb of fire
 80000 | Zot:5    | Noticed an orb of fire
 80007 | Zot:5    | Reached skill level 27 in Fighting
 80252 | Zot:5    | Reached skill level 27 in Spellcasting
 80502 | Depths:3 | Voluntarily entered the Abyss.
 80508 | Abyss:2  | Found a corrupted altar of Lugonu.
 80588 | Abyss:2  | Reached skill level 10 in Evocations
 80625 | Abyss:2  | Noticed a dread lich
 80649 | Abyss:2  | Found a corrupted altar of Lugonu.
 80773 | Abyss:3  | Noticed an ancient lich
 80777 | Abyss:3  | Killed an ancient lich
 80899 | Abyss:3  | Got an abyssal rune of Zot
 80957 | Abyss:3  | Found a corrupted altar of Lugonu.
 80984 | Depths:3 | Escaped the Abyss
 81447 | Slime:1  | Entered Level 1 of the Pits of Slime
 81472 | Slime:2  | Reached skill level 10 in Summonings
 81569 | Slime:4  | Noticed Dissolution
 81573 | Slime:4  | Killed Dissolution
 81633 | Slime:5  | Entered Level 5 of the Pits of Slime
 81650 | Slime:5  | Reached skill level 10 in Fire Magic
 81653 | Slime:5  | Noticed the Royal Jelly
 81659 | Slime:5  | Killed the Royal Jelly
 81760 | Slime:5  | Got a slimy rune of Zot
 81783 | Slime:5  | Identified the +1 trident "Jourrar" {speed, rPois rN+
                  | Int-3}
 81814 | Slime:5  | Identified the +7 trident "Lefei" {heavy, Str+7}
 82258 | Pan      | Entered Pandemonium
 82559 | Pan      | Learned a level 8 spell: Ignition
 82580 | Pan      | Noticed Leaqise the pandemonium lord
 82586 | Pan      | Killed Leaqise the pandemonium lord
 83141 | Pan      | Entered the realm of Lom Lobon.
 83534 | Pan      | Noticed Lom Lobon
 83543 | Pan      | Killed Lom Lobon
 83637 | Pan      | Got a magical rune of Zot
 84428 | Pan      | Noticed Jizuy the pandemonium lord
 84432 | Pan      | Killed Jizuy the pandemonium lord
 84656 | Pan      | Noticed Adaalaas the pandemonium lord
 84662 | Pan      | Killed Adaalaas the pandemonium lord
 84983 | Pan      | Entered the realm of Cerebov.
 84997 | Pan      | Found an exit through the horrors of the Abyss.
 85156 | Pan      | Reached skill level 15 in Fire Magic
 85390 | Pan      | Got a fiery rune of Zot
 85442 | Pan      | Found the +6 sword of Cerebov {flame}
 85442 | Pan      | Noticed Cerebov
 85449 | Pan      | Killed Cerebov
 85468 | Pan      | Identified the +8 sling "Rahechea" {flame, Str+2}
 85470 | Pan      | Got the Elucidation of Unlucky Accelerants
 85930 | Pan      | Noticed Difrimos the pandemonium lord
 85935 | Pan      | Killed Difrimos the pandemonium lord
 85958 | Pan      | Got a demonic rune of Zot
 86310 | Pan      | Noticed Laekoffo the pandemonium lord
 86324 | Pan      | Killed Laekoffo the pandemonium lord
 86345 | Pan      | Found an exit through the horrors of the Abyss.
 86467 | Pan      | Entered the realm of Gloorx Vloq.
 86523 | Pan      | Found an exit through the horrors of the Abyss.
 86827 | Pan      | Noticed Gloorx Vloq
 86835 | Pan      | Killed Gloorx Vloq
 86906 | Pan      | Got a dark rune of Zot
 87415 | Pan      | Reached skill level 15 in Dodging
 87419 | Pan      | Noticed Hoikk the pandemonium lord
 87427 | Pan      | Killed Hoikk the pandemonium lord
 87479 | Pan      | Entered the realm of Mnoleg.
 87483 | Pan      | Noticed Mnoleg
 87487 | Pan      | Killed Mnoleg
 87686 | Pan      | Got a glowing rune of Zot
 87874 | Pan      | Found an exit through the horrors of the Abyss.
 87882 | Pan      | Took an exit into the Abyss.
 87882 | Abyss:3  | Escaped into the Abyss
 87884 | Abyss:3  | Killed a dread lich
 87943 | Abyss:5  | Found a corrupted altar of Lugonu.
 87963 | Abyss:5  | Noticed an ancient lich
 87969 | Abyss:5  | Killed an ancient lich
 88009 | Depths:1 | Escaped the Abyss
 88344 | Tomb:1   | Entered Level 1 of the Tomb of the Ancients
 89010 | Tomb:1   | Noticed a royal mummy
 89010 | Tomb:1   | Noticed a royal mummy
 89013 | Tomb:1   | Noticed a royal mummy
 89013 | Tomb:1   | Noticed a royal mummy
 89013 | Tomb:1   | Noticed a royal mummy
 89013 | Tomb:1   | Noticed a royal mummy
 89014 | Tomb:1   | Killed a royal mummy
 89015 | Tomb:1   | Killed a royal mummy
 89015 | Tomb:1   | Killed a royal mummy
 89016 | Tomb:1   | Killed a royal mummy
 89016 | Tomb:1   | Killed a royal mummy
 89016 | Tomb:1   | Killed a royal mummy
 89168 | Tomb:1   | Noticed a royal mummy
 89174 | Tomb:1   | Killed a royal mummy
 89284 | Tomb:3   | Entered Level 3 of the Tomb of the Ancients
 89306 | Tomb:3   | Noticed a royal mummy
 89308 | Tomb:3   | Noticed a royal mummy
 89310 | Tomb:3   | Killed a royal mummy
 89310 | Tomb:3   | Killed a royal mummy
 89334 | Tomb:3   | Noticed a royal mummy
 89336 | Tomb:3   | Noticed a royal mummy
 89338 | Tomb:3   | Noticed a royal mummy
 89339 | Tomb:3   | Killed a royal mummy
 89339 | Tomb:3   | Noticed a royal mummy
 89340 | Tomb:3   | Killed a royal mummy
 89340 | Tomb:3   | Killed a royal mummy
 89341 | Tomb:3   | Killed a royal mummy
 89341 | Tomb:3   | Noticed a royal mummy
 89345 | Tomb:3   | Killed a royal mummy
 89350 | Tomb:3   | Noticed a royal mummy
 89353 | Tomb:3   | Noticed a royal mummy
 89354 | Tomb:3   | Killed a royal mummy
 89357 | Tomb:3   | Killed a royal mummy
 89507 | Tomb:3   | Got a golden rune of Zot
 89588 | Tomb:3   | Identified the +8 battleaxe of Light {heavy, rPois rF- rC+}
 89607 | Tomb:3   | Identified the ring of Moqun Huin {Fly rF+ rN+ EV+5 Int-5}
 89626 | Tomb:3   | Identified the +3 mace of Falesol {heavy, Fragile rF+
                  | Str+4}
 90038 | Tomb:1   | Noticed a royal mummy
 90038 | Tomb:1   | Identified the ring "Ifeagann" {rPois rF- rC- Int+6 Stlth+}
 90042 | Tomb:1   | Killed a royal mummy
 90425 | Geh:1    | Entered Level 1 of Gehenna
 90531 | Geh:2    | Noticed an ancient lich
 90532 | Geh:2    | Killed an ancient lich
 91311 | Geh:7    | Entered Level 7 of Gehenna
 91904 | Geh:7    | Found the +13 sceptre of Asmodeus
 91904 | Geh:7    | Identified the +0 robe "Xogis" {Dex+4}
 91904 | Geh:7    | Noticed Asmodeus
 91913 | Geh:7    | Killed Asmodeus
 91925 | Geh:7    | Got an obsidian rune of Zot
 91933 | Geh:7    | Got the Monograph on the Transposed Shot
 92207 | Coc:1    | Entered Level 1 of Cocytus
 92478 | Coc:7    | Entered Level 7 of Cocytus
 92501 | Coc:7    | Noticed a dread lich
 92504 | Coc:7    | Killed a dread lich
 92707 | Coc:7    | Noticed Antaeus
 92729 | Coc:7    | Killed Antaeus
 92866 | Coc:7    | Got an icy rune of Zot
 92882 | Coc:7    | Identified the +9 chain mail of Huatzuj {rN+ Will+ Dex-5}
 92888 | Coc:7    | Identified the staff of poison "Ajuagem" {rPois rF+ rC+}
 92965 | Dis:1    | Entered Level 1 of the Iron City of Dis
 93462 | Dis:5    | Reached skill level 27 in Earth Magic
 93703 | Dis:7    | Entered Level 7 of the Iron City of Dis
 95704 | Dis:7    | Noticed a juggernaut
 95710 | Dis:7    | Killed a juggernaut
 96006 | Dis:7    | Identified the ring of Ucaada {Fire rPois Int+2 Stlth+}
 96006 | Dis:7    | Noticed Dispater
 96078 | Dis:7    | Killed Dispater
 96139 | Dis:7    | Got an iron rune of Zot
 96141 | Dis:7    | Identified the +0 robe of Fortification {rElec Int+4}
 96673 | Snake:2  | Bought a scroll of magic mapping for 97 gold pieces
 96673 | Snake:2  | Bought a scroll of magic mapping for 97 gold pieces
 96673 | Snake:2  | Bought a scroll of fog for 52 gold pieces
 96673 | Snake:2  | Bought a scroll of amnesia for 52 gold pieces
 96673 | Snake:2  | Bought a scroll of poison for 52 gold pieces
 96817 | Shoals:2 | Bought a scroll of teleportation for 57 gold pieces
 96817 | Shoals:2 | Bought a scroll of magic mapping for 142 gold pieces
 96817 | Shoals:2 | Bought a wand of acid (5) for 399 gold pieces
 97074 | Vaults:1 | Bought a scroll of magic mapping for 112 gold pieces
 97241 | Tar:1    | Entered Level 1 of Tartarus
 97739 | Tar:6    | Noticed an ancient lich
 97741 | Tar:6    | Killed an ancient lich
 97810 | Tar:7    | Entered Level 7 of Tartarus
 97814 | Tar:7    | Noticed a dread lich
 97816 | Tar:7    | Killed a dread lich
 97840 | Tar:7    | Noticed a dread lich
 97841 | Tar:7    | Killed a dread lich
 98136 | Tar:7    | Noticed an ancient lich
 98150 | Tar:7    | Got a bone rune of Zot
 98184 | Tar:7    | Killed an ancient lich
 98502 | Zot:5    | Got the Orb of Zot
 98721 | Depths:1 | Noticed Luvoqio the pandemonium lord
 98725 | Depths:1 | Killed Luvoqio the pandemonium lord
 99151 | D:$      | Escaped with the Orb!

Illustrated notes

Levels and vault maps discovered:
D:1:      minmay_arrival_split_and_join, layout_loops_ring
D:2:      minmay_inner_zag, layout_basic, minmay_circled_x, uniq_sigmund
D:3:      layout_rooms, okawaru_trees_2, ebering_ghost_sewer_d
D:4:      layout_cave_pools, jmf_multi_god_temple, overflow_temple_1_default,
          temple_green, minmay_misc_feat_alley, nicolae_wormholes
D:5:      layout_rooms, nicolae_tso_swordbearing_angel, uniq_prince_ribbit1
D:6:      layout_basic, serial_shops, nicolae_shop_statue_plus,
          hellmonk_ghost_happy_afterlife
D:7:      layout_basic
D:8:      layout_rooms, ploomutoo_gammafunk_ghost_potion_laboratory, uniq_psyche
D:9:      nicolae_whirlpool, layout_stronghold,
          mainiacjoe_overflow_surrounded_room
D:10:     layout_cave_pools, david_lair_shrubbed, gammafunk_ghost_necromancy,
          chequers_serial_rivers_room_b
D:11:     layout_basic, uniq_erolcha
D:12:     layout_roguey, orc_0_dummy, nicolae_twisting_strands
D:13:     wander_river, layout_irregular_city, gammafunk_ghost_grave,
          kennysheep_nub
D:14:     layout_irregular_city, grunt_vaults_entry_tiered, serial_shops, shop,
          nicolae_shop_bloodbath_and_beyond, nicolae_book_shop_shelving,
          elyvilon_altar_5, grunt_dithmenos_shadows, uniq_jorgrun, uniq_agnes
D:15:     grunt_enter_depths_magical_seal, layout_long_grid,
          minmay_misc_feat_four_crosses
Temple:   nicolae_temple_bog_church
Lair:1:   layout_gridlike, nicolae_volcano_entry_hallway, beast_lair_carwin_4
Lair:2:   layout_gridlike, elwin_shoals_entry_rocks, infiniplex_staircase_pool
Lair:3:   layout_cellular_growth, minmay_snake_entry_guardpost_large,
          basic_altar, grunt_megastairs_4, lemuel_fruit_tree
Lair:4:   hellmonk_ruined_rings, layout_gridlike, slime_entry_2,
          gammafunk_ghost_cemetery
Lair:5:   hangedman_lair_in_review, layout_long_grid,
          chequers_serial_rivers_marsh, serial_bayou_crossing,
          serial_bayou_shore_a, uniq_urug
Shoals:1: layout_shoals, nicolae_shoals_loop_pool, uniq_louise
Shoals:2: layout_shoals, serial_shops, nicolae_shop_tiny_statue_garden, shop,
          nicolae_diamond_shop, shop, nicolae_shoals_arrival_archipelago
Shoals:3: layout_shoals, nicolae_shoals_secluded_bog, uniq_nikola
Shoals:4: shoals_end_grunt_ice, layout_shoals
Snake:1:  layout_cave_shapes, grunt_megastairs_3
Snake:2:  layout_onion, minmay_shoptagon, grunt_megastairs_1
Snake:3:  nicolae_snake_hallway, layout_chambers
Snake:4:  johnstein_snake_rune_scales, layout_onion_interference, serial_shops,
          shop, nicolae_shop_clearance
Slime:1:  layout_caves
Slime:2:  layout_caves
Slime:3:  cheibrodos_slime_lost_civilization_9, layout_caves,
          nicolae_slime_barrier
Slime:4:  cheibrodos_slime_lost_civilization_8, layout_caves, uniq_dissolution
Slime:5
Orc:1:    layout_diamond_mine, serial_shops, nicolae_shop_behind_doors,
          portal_ice_cave_entry_ice_simulacra
Orc:2:    pf_orc_diabolical, layout_caves
Elf:1:    eino_elf_arrival_customs, layout_onion_city, gammafunk_ghost_arena,
          einodemon_crawler_minivault
Elf:2:    elven_hall_of_blades_hangedman_original
          [nicolae_blade_entry_splitting_headache], layout_geoelf_octagon,
          serial_shops, nicolae_shop_tiny_glass
Elf:3:    minmay_elf_hall_furrowed, layout_gridlike, serial_shops, shop,
          grunt_megastairs_2, minmay_shop_star, uniq_saint_roka, uniq_roxanne,
          uniq_donald
Vaults:1: gammafunk_ghost_wrathful_warriors, vaults_room_hallway,
          nicolae_vaults_yaktaur_gun_rack, nicolae_vaults_gold_heap,
          hangedman_vaults_variations, nicolae_vaults_diagonal_hallway_7,
          v_rooms_1, v_misc_14, nicolae_vaults_mini_display_case,
          nicolae_vaults_diagonal_hallway_8, layout_vaults_big_room,
          serial_shops, nicolae_shop_real_fake_doors, uniq_aizul
Vaults:2: portal_desolation_entry_salt, nicolae_vaults_wine_cellar, v_misc_26,
          nicolae_vaults_meeting, nicolae_vaults_mitosis, v_pattern_3,
          nicolae_vaults_angled_halls, nicolae_vaults_diamond_1,
          nicolae_vaults_little_squares_2, nicolae_vaults_ring_of_whatevers,
          ontoclasm_vaults_chip, vaults_room_corners, layout_vaults_omnigrid,
          uniq_bai_suzhen
Vaults:3: v_alt_pattern_3, ontoclasm_vaults_claustrophobia,
          minmay_crypt_entry_nasty_monster, nicolae_vaults_prndl,
          hangedman_vaults_locks, hangedman_vaults_capsules, v_misc_19,
          nicolae_vaults_shock_wave, vaults_mumra_hex,
          nicolae_vaults_closet_pinwheel_3, ontoclasm_vaults_gateway,
          nicolae_vaults_sightless_eye, layout_vaults_omnicross
Vaults:4: nicolae_vaults_quadrants, v_misc_1, v_misc_33,
          grunt_vaults_hallway_long, grunt_vaults_swirl,
          nicolae_vaults_steering_wheel, hangedman_vaults_nails,
          nicolae_vaults_windows_and_doors_thing, nicolae_vaults_trapezoid_3,
          ontoclasm_vaults_twist, layout_vaults_maze, serial_shops,
          nicolae_lakefront_shop
Vaults:5
Crypt:1:  layout_gridlike
Crypt:2:  layout_catacombs, uniq_josephina
Crypt:3:  due_elkab, layout_chaotic_city, tomb_entry_simple_bobbens,
          uniq_margery
Tomb:1
Tomb:2
Tomb:3
Depths:1: layout_cave_shapes, hell_entry, nicolae_ru_the_path_less_chosen,
          rand_demon_pan_entry_7, minmay_door_square, led_xom_imps
Depths:2: kennysheep_blocky_room, layout_cave_shapes, hell_entry, abyss_entry,
          serial_bayou_lagoon_a, pan_entry, gammafunk_ghost_split,
          minmay_staircase_windowed_large
Depths:3: kennysheep_windowed_halls, layout_gridlike, abyss_entry,
          hangedman_decor_opposing, hellmouth_1, grunt_pan_entry_spiral,
          minmay_misc_feat_rugged
Depths:4: evilmike_zot_entry_basic, layout_gridlike, enter_ziggurat_a,
          hell_entry, nicolae_ashenzari_skybound, serial_shops, shop
Hell
Dis:1:    layout_subdivisions
Dis:2:    layout_regular_city
Dis:3:    layout_subdivisions, nicolae_dis_step_into_the_octagon
Dis:4:    layout_regular_city
Dis:5:    layout_jigsaw
Dis:6:    layout_jigsaw
Dis:7:    dis_st
Geh:1:    layout_gehenna_pools_triple, lemuel_flamethrower_2
Geh:2:    layout_gehenna_lava_caves, nicolae_geh_lava_lounge
Geh:3:    layout_gehenna_lava_caves
Geh:4:    layout_gehenna_pools_basic, nicolae_geh_fourpack
Geh:5:    layout_gehenna_lava_caves
Geh:6:    layout_gehenna_pools_triple
Geh:7:    geh_grunt_pentagon
Coc:1:    layout_cocytus_water_paths
Coc:2:    layout_ice_bergs, special_room [special_room_morgue]
Coc:3:    layout_ice_bergs
Coc:4:    layout_cocytus_water_paths
Coc:5:    layout_cocytus_water_paths
Coc:6:    layout_cocytus_water_paths
Coc:7:    coc_grunt
Tar:1:    layout_cathedral_of_symmetry
Tar:2:    layout_catacombs
Tar:3:    layout_catacombs
Tar:4:    layout_grid_maze, nicolae_tar_four_comb_rooms
Tar:5:    layout_honeycomb
Tar:6:    layout_grid_maze
Tar:7:    tar_old
Zot:1:    grunt_twist_and_shout, layout_cathedral_of_symmetry, st_stairs_1
Zot:2:    layout_twisted_circle, bh_zot_levy_curve
Zot:3:    layout_gridlike, hangedman_zot_decor_tridents
Zot:4:    layout_gridlike
Zot:5:    layout_cellular_growth

Skill      XL: |  1  2  3  4  5  6  7  8  9 10 11 12 13 14 15 16 17 18 19 20 21 22 23 24 25 26 27 |
---------------+----------------------------------------------------------------------------------+-----
Ice Magic      | 5 6 7 8 9 10 11 13 14 15 17 18 19 20 21 23 27 | 27.0
Shields        | 1 2 3 4 5 6 8 9 10 11 12 13 14 15 | 15.0
Fighting       | 1 2 3 4 5 6 8 9 10 11 13 14 15 16 17 18 19 20 21 22 27 | 27.0
Spellcasting   | 3 4 5 6 7 9 11 13 14 15 16 17 18 20 21 27 | 27.0
Armour         | 2 3 4 7 |  7.0
Conjurations   | 2 3 4 |  4.0
Earth Magic    | 3 5 7 11 15 27 | 27.0
Poison Magic   | 1 2 4 |  4.0
Air Magic      | 2 3 12 | 12.2
Fire Magic     | 2 3 5 7 8 9 22 | 22.1
Transmutations | 1 3 5 6 7 8 12 | 12.0
Dodging        | 3 6 7 9 10 23 | 23.9
Necromancy     | 4 7 10 11 12 17 | 17.7
Evocations     | 13 | 13.0
Summonings     | 10 | 10.1
Stealth        | |  2.1

Action                     |  1- 3 |  4- 6 |  7- 9 | 10-12 | 13-15 | 16-18 | 19-21 | 22-24 | 25-27 || total
---------------------------+-------+-------+-------+-------+-------+-------+-------+-------+-------++-------
  Melee: Short sword       |    78 |    41 |    51 |       |       |       |       |       |       ||   170
         Staff             |       |       |    17 |   274 |   349 |   127 |   150 |    81 |   551 ||  1549
   Fire: Sling             |     8 |    29 |       |       |       |       |       |       |       ||    37
  Throw: Dart              |       |    12 |    89 |   123 |    18 |     6 |     2 |       |       ||   250
         Javelin           |       |       |     4 |     2 |       |       |       |       |       ||     6
   Cast: Freeze            |    46 |    93 |    39 |    13 |       |       |       |       |       ||   191
         Frozen Ramparts   |       |       |    23 |    66 |    68 |     8 |    18 |       |       ||   183
         Ozocubu's Armour  |       |       |    12 |    41 |    44 |     8 |    29 |     7 |     7 ||   148
         Mephitic Cloud    |       |       |       |    22 |    32 |     2 |     9 |       |       ||    65
         Ignite Poison     |       |       |       |     5 |    17 |     1 |     2 |       |       ||    25
         Freezing Cloud    |       |       |       |       |    32 |     1 |       |       |       ||    33
         Ozocubu's Refrige |       |       |       |       |   147 |   486 |   323 |   379 |   444 ||  1779
         Fireball          |       |       |       |       |    16 |    66 |    11 |     5 |     6 ||   104
         Stone Arrow       |       |       |       |       |     2 |     5 |     3 |       |       ||    10
         Polar Vortex      |       |       |       |       |       |       |   102 |    96 |   375 ||   573
         Blink             |       |       |       |       |       |       |     2 |       |     2 ||     4
         Plasma Beam       |       |       |       |       |       |       |     1 |    23 |   125 ||   149
         Borgnjor's Vile C |       |       |       |       |       |       |       |    14 |    42 ||    56
         Shatter           |       |       |       |       |       |       |       |       |   362 ||   362
         Necromutation     |       |       |       |       |       |       |       |       |   161 ||   161
         Maxwell's Capacit |       |       |       |       |       |       |       |       |    43 ||    43
         Ignition          |       |       |       |       |       |       |       |       |    22 ||    22
Ability: End Transformatio |       |       |       |       |       |       |       |       |    16 ||    16
  Evoke: Wand              |       |       |    13 |    12 |     1 |     5 |     6 |       |    11 ||    48
         Lightning rod     |       |       |       |       |    11 |     3 |     4 |       |     6 ||    24
         Box of beasts     |       |       |       |       |       |       |     1 |       |     1 ||     2
         Phantom mirror    |       |       |       |       |       |       |     1 |       |     1 ||     2
         Phial of floods   |       |       |       |       |       |       |     1 |       |       ||     1
    Use: Potion            |       |     1 |       |     5 |     1 |     5 |    13 |     4 |    63 ||    92
         Scroll            |       |       |     6 |     7 |    16 |     9 |     9 |       |    50 ||    97
   Stab: Sleeping          |       |       |     2 |       |       |       |     1 |       |       ||     3
         Confused          |       |       |       |     4 |     8 |       |       |       |       ||    12
         Petrified         |       |       |       |       |     2 |       |       |       |       ||     2
         Fleeing           |       |       |       |       |       |       |       |       |     1 ||     1
 Armour: Robe              |    27 |    14 |    31 |    92 |   240 |   131 |   258 |   102 |   106 ||  1001
         Troll leather arm |       |       |       |    74 |       |       |       |       |       ||    74
         Quicksilver drago |       |       |       |       |       |       |       |       |   218 ||   218
         Leather armour    |       |       |       |       |       |       |       |       |   415 ||   415
         Skin              |       |       |       |       |       |       |       |       |    10 ||    10
  Dodge: Dodged            |    23 |    34 |    34 |    90 |   197 |   191 |   206 |   127 |   764 ||  1666
  Block: Kite shield       |    57 |    78 |    75 |   313 |   447 |   146 |   568 |   315 |  1142 ||  3141
         Reflection        |       |     1 |    17 |     7 |     4 |       |       |       |       ||    29
         Tower shield      |       |       |       |       |       |   200 |    69 |       |       ||   269
